 Dungeon Crawl Stone Soup version 0.29.0-4-gdea44cf6ec (webtiles) character file.

Game seed: 2867056337484562382

195247 qw the Severer (level 18, -4/123 HPs)
             Began as a Gargoyle Berserker on Sept 6, 2022.
             Was a High Priest of Trog.
             Engulfed by a cloud of freezing vapour (7 damage)
             ... on level 4 of the Swamp.
             The game lasted 00:16:41 (43742 turns).

qw the Severer (Gargoyle Berserker)                Turns: 43742, Time: 00:16:42

Health: -4/123     AC: 48    Str: 31    XL:     18   Next: 78%
Magic:  18/18      EV: 14    Int:  6    God:    Trog [*****.]
Gold:   1041       SH: 15    Dex: 22    Spells: 17/17 levels left

rFire   + + +      SeeInvis .   Y - +6 broad axe (vorpal)
rCold   + + .      Faith    .   o - +0 kite shield
rNeg    + . .      Spirit   .   u - +1 plate armour of Servitude {Dex+3}
rPois   inf        Reflect  .   n - +2 hat
rElec   +          Harm     .   z - +1 cloak {Will+}
rCorr   .          Rampage  +   p - +2 pair of gloves
Will    ++...                   g - +1 pair of boots
Stlth   ..........              j - amulet "Ugitecu" {RegenMP Rampage rF+++ rC++ Stlth-}
HPRegen 0.30/turn               s - ring "Qeheq" {Str+4 Dex+6}
MPRegen 0.56/turn               m - +4 ring of protection

@: flying
A: sickness immunity, AC +13, big wings, negative energy resistance 1,
electricity resistance, torment resistance 1, petrification resistance, horns 1,
iridescent scales 1, agile 1, dopey 1
a: Renounce Religion, Berserk, Trog's Hand, Brothers in Arms


You were on level 4 of the Swamp.
You worshipped Trog.
Trog was extremely pleased with you.
You visited 5 branches of the dungeon, and saw 29 of its levels.

You collected 3634 gold pieces.
You spent 2593 gold pieces at shops.


Innate Abilities, Weirdness & Mutations

You are immune to sickness and miasma.
Your stone body is resilient. (AC +13)
You are immune to poison.
Your large and strong wings let you fly.
You resist negative energy. (rN+)
You are resistant to electric shocks. (rElec)
You are resistant to unholy torment.
You are immune to petrification.
You have a pair of small horns on your head.
You are partially covered in iridescent scales. (AC +2)
You are agile. (Dex +4, Str/Int -1)
You are dopey. (Int -2)


   Skills:
 - Level 17.0 Fighting
 - Level 18.0 Axes
 - Level 6.0 Throwing
 + Level 15.1 Armour
 - Level 9.2 Dodging
 - Level 15.6 Shields


You had 17 spell levels left.
You didn't know any spells.
Your spell library was empty.

Inventory:

Hand Weapons
 r - the +5 broad axe of Moch {drain, rCorr Int-5 Dex+2}
   (You acquired it on level 1 of the Snake Pit)

   A truly terrible weapon, it drains the life of any living foe it strikes.
   Int:       It affects your intelligence (-5).
   Dex:       It affects your dexterity (+2).
   rCorr:     It protects you from acid and corrosion.
 Y - a +6 vorpal broad axe (weapon)
Missiles
 d - 29 boomerangs (quivered)
Armour
 c - a +2 cloak
 g - a +1 pair of boots (worn)
 n - a +2 hat (worn)
 o - a +0 kite shield (worn)
 p - a +2 pair of gloves (worn)
 u - the +1 plate armour of Servitude (worn) {Dex+3}
   (You found it on level 2 of the Snake Pit)

   Dex:       It affects your dexterity (+3).
 w - a +2 chain mail of fire resistance
 z - a +1 cloak of willpower (worn)
Jewellery
 i - the amulet of Horeel {Acrobat Harm Fly Int+4 SInv}
   (You bought it in a shop on level 3 of the Snake Pit)

   [amulet of the acrobat]

   It increases your evasion while moving and waiting.
   Int:       It affects your intelligence (+4).
   SInv:      It lets you see invisible.
   Fly:       It grants you flight.
   Harm:      It increases damage dealt and taken.
 j - the amulet "Ugitecu" (around neck) {RegenMP Rampage rF+++ rC++ Stlth-}
   (You found it on level 1 of the Swamp)

   [amulet of magic regeneration]

   It increases your rate of magic regeneration.
   rF:        It renders you almost immune to fire.
   rC:        It greatly protects you from cold.
   Rampage:   It bestows one free step when moving towards enemies.
   Stlth:     It makes you less stealthy.
 m - a +4 ring of protection (right hand)
 s - the ring "Qeheq" (left hand) {Str+4 Dex+6}
   (You found it on level 7 of the Dungeon)

   [ring of dexterity]

   Str:       It affects your strength (+4).
   Dex:       It affects your dexterity (+6).
 y - an amulet of reflection
Scrolls
 h - 11 scrolls of identify
Potions
 a - 8 potions of haste
 b - 4 potions of might
 f - 9 potions of curing
 l - 7 potions of mutation
 t - 2 potions of cancellation
 x - 2 potions of resistance
 A - 3 potions of heal wounds

Dungeon Overview and Level Annotations

Branches:
Dungeon (15/15)            Temple (0/1) D:4            Lair (5/5) D:10
  Swamp (4/4) Lair:2        Snake (3/4) Lair:3        Slime (0/5) Lair:5
    Orc (2/2) D:10            Elf (0/3) Orc:2        Vaults (0/5) D:14
 Depths (0/4) D:15

Altars:
Dithmenos
Gozag
Kikubaaqudgha
Makhleb
Qazlal
Ru
Sif Muna
Uskayaw
Vehumet
Xom
Zin
The Shining One
Jiyva
Lugonu

Shops:
D:7 [(   D:13 ((   Orc:2 :*([[[(:   Snake:3 :(==*

Portals:
Abyss: Lair:5

Annotations:
D:6 2 transporters
D:9 2 transporters, qw's ghost, novice TeWr
D:14 1 runed translucent door
D:15 3 runed translucent doors, Xiestris's ghost, journeyman DsGl


Message History

You start resting.
You are engulfed in freezing vapours.
You resist.
You're standing in a cloud of freezing vapour!
You are engulfed in freezing vapours.
You resist.
You're standing in a cloud of freezing vapour!
You are engulfed in freezing vapours.
You resist.
You're standing in a cloud of freezing vapour!
You are engulfed in freezing vapours.
You resist.
You're standing in a cloud of freezing vapour!
You are engulfed in freezing vapours.
You resist.
You're standing in a cloud of freezing vapour!
You are engulfed in freezing vapours.
You resist.
You're standing in a cloud of freezing vapour!
You are engulfed in freezing vapours.
You resist.
You're standing in a cloud of freezing vapour!
You are engulfed in freezing vapours.
You resist.
You start resting.
You're standing in a cloud of freezing vapour!
You're standing in a cloud of freezing vapour!
You are engulfed in freezing vapours.
You resist.
You're standing in a cloud of freezing vapour!
You are engulfed in freezing vapours.
You resist.
You start resting.
You're standing in a cloud of freezing vapour!
You're standing in a cloud of freezing vapour!
You are engulfed in freezing vapours.
You resist.
You're standing in a cloud of freezing vapour!
You are engulfed in freezing vapours.
You resist.
You're standing in a cloud of freezing vapour!
You are engulfed in freezing vapours.
You resist.
You start resting.
You are engulfed in freezing vapours.
You resist.
You're standing in a cloud of freezing vapour!
You're standing in a cloud of freezing vapour!
You are engulfed in freezing vapours.
You resist.
You're standing in a cloud of freezing vapour!
You are engulfed in freezing vapours.
You resist.
You're standing in a cloud of freezing vapour!
You are engulfed in freezing vapours.
You resist.
You die... ~.77 77.7~~~77 .7 ~.7 77..~~77 .## ~~7 77/.~~7 ..# 777

77..77 ..# 77
77~~.~# ..#
~7777777~~.~7#7#..#
.7....~~~~.~~7#.#.7#
....~.77~~~...000#0#
..~~.....~~.~#0#@00#
<~.........~~##0#¤##
..7...~777~~77#####
777.~~.7 77~~7
7~~~~77


7777 77~~~¤7 77¤.77 7 777~~7 777~~777 There were no monsters in sight!

Vanquished Creatures
  Mara (Swamp:4)
  Gastronok (Orc:1)
  A nagaraja (Snake:1)
  2 azure jellies (Swamp:4)
  An orc warlord (Orc:2)
  2 ghouls (Swamp:3)
  A stone giant (D:15)
  Azrael (Snake:2)
  8 eleionomae
  6 bunyips
  Snorg (Orc:1)
  2 salamander tyrants (Snake:3)
  Erolcha (D:13)
  An ogre mage (D:15)
  A rakshasa (D:14)
  An ice dragon (Swamp:4)
  6 boulder beetles
  A vault guard (D:14)
  6 hydras
  4 centaur warriors
  11 anacondas
  17 naga warriors
  A death yak (Lair:1)
  13 two-headed ogres
  7 alligators
  2 catoblepae
  3 tengu warriors
  3 thrashing horrors (Lair:5)
  9 naga sharpshooters
  2 orc high priests (Orc:2)
  12 shock serpents
  A death drake (shapeshifter) (Lair:5)
  3 salamander mystics
  9 goliath frogs
  6 naga ritualists (Snake:3)
  4 swamp dragons
  Lodul (D:13)
  7 bog bodies
  2 spriggan druids (Swamp:4)
  A wizard (D:14)
  4 deep elf pyromancers
  5 orc knights (Orc:2)
  6 orc sorcerers
  7 mana vipers
  A will-o-the-wisp (Swamp:2)
  5 cyclopes
  2 manticores
  6 ugly things
  13 elephants
  9 salamanders
  6 guardian serpents
  9 centaur zombies (D:11)
  37 black mambas
  11 naga magi
  Joseph (D:7)
  A gargoyle (D:13)
  A torpor snail (Lair:3)
  2 kobold demonologists (D:11)
  An efreet (D:14)
  4 rime drakes (Lair:1)
  12 cane toads
  13 komodo dragons
  2 ancient zymes (Lair:5)
  A yaktaur (D:14)
  5 freezing wraiths
  3 polar bears
  12 tyrant leeches
  11 trolls
  18 slime creatures
  5 hornets
  28 blink frogs
  Sigmund (D:5)
  A jumping spider (shapeshifter) (Lair:5)
  10 wyverns
  A centaur simulacrum (D:15)
  A ynoxinul (Lair:5)
  5 wraiths
  7 spriggans
  3 fire elementals (Snake:2)
  53 yaks
  2 shadows
  8 basilisks
  Grum (D:8)
  4 vampires
  4 swamp worm simulacra (Swamp:4)
  A golden eye (shapeshifter) (D:15)
  2 steam dragons
  3 chaos spawn (Lair:5)
  28 nagas
  3 wargs (Orc:2)
  3 vampire mosquitoes (D:10)
  Edmund (D:4)
  11 hydra simulacra (Swamp:4)
  13 swamp worms
  3 acid dragons
  2 large abominations (Lair:5)
  2 hell hounds (Snake:2)
  26 water moccasins
  Duvessa (D:7)
  29 orc warriors
  4 black bears
  9 small abominations (Lair:5)
  A sky beast (D:5)
  3 boggarts (D:14)
  18 ogres
  2 swamp drakes
  26 wolves
  11 centaurs
  A phantom (D:6)
  Blork the orc (D:5)
  2 kobold brigands (D:8)
  7 bullfrogs
  A gnoll sergeant (D:7)
  2 necrophages
  2 scorpions
  3 wights (D:8)
  Dowan (D:7)
  12 killer bees
  3 howler monkeys
  4 electric eels
  A hound (D:5)
  4 jellies
  A gnoll bouda (D:6)
  19 orc priests
  3 iguanas
  24 orc wizards
  4 hell rats (Lair:2)
  A howler monkey zombie (D:11)
  21 adders
  15 gnolls
  5 river rats (D:5)
  A shadow imp (D:7)
  An ufetubus (D:6)
  4 swamp drake simulacra (Swamp:4)
  6 dart slugs
  80 orcs
  5 ball pythons
  9 endoplasms
  2 giant cockroaches
  3 goblins
  9 hobgoblins
  2 jackals (D:3)
  2 quokkas
  4 bats
  A frilled lizard (D:1)
  19 kobolds
  18 rats
1009 creatures vanquished.

Vanquished Creatures (collateral kills)
  A hydra (Lair:2)
  A catoblepas (Lair:4)
  A salamander (Snake:2)
  An elephant (Lair:2)
  A cane toad (Lair:3)
  A freezing wraith (Swamp:4)
  A hornet (Swamp:1)
  2 blink frogs (Lair:1)
  A hydra simulacrum (Swamp:4)
  2 water moccasins
12 creatures vanquished.

Vanquished Creatures (others)
  An eleionoma (Swamp:3)
  A hydra (Swamp:3)
  A naga warrior (Snake:1)
  4 bloated husks
  A tyrant leech (Swamp:4)
  3 swamp worms
  An orc warrior (Orc:2)
  An orc wizard (D:9)
  An orc (D:8)
  2 foxfires (Swamp:2)
  43 fungi
  55 plants
  A withered plant (D:11)
115 creatures vanquished.

Grand Total: 1136 creatures vanquished

Notes
Turn   | Place    | Note
-------+----------+-------------------------------------------
     0 | D:1      | qw the Gargoyle Berserker began the quest for the Orb.
     0 | D:1      | Reached XP level 1. HP: 14/14 MP: 1/1
     0 | D:1      | 0 ||| qw: Version: 0.1-a-107-g9ff403c
     0 | D:1      | 0 ||| qw: Game counter: 6175
     0 | D:1      | 0 ||| qw: Always use a shield: true
     0 | D:1      | 0 ||| qw: Do Orc after D:15 true
     0 | D:1      | 0 ||| qw: Do second Lair branch before Depths: true
     0 | D:1      | 0 ||| qw: Lair rune preference: random
     0 | D:1      | 0 ||| qw: Plans: Normal
     0 | D:1      | 0 ||| PLANNING D:1-11
    72 | D:1      | Found a faded altar of an unknown god.
    93 | D:1      | Reached skill level 3 in Axes
   218 | D:1      | Reached XP level 2. HP: 18/19 MP: 2/2
   408 | D:1      | 408 ||| Stepping ~*~*~tactically~*~*~ (hiding).
   720 | D:1      | 720 ||| UPGRADING to +0 helmet.
   725 | D:1      | 725 ||| UPGRADING to +0 pair of boots.
   730 | D:1      | 730 ||| UPGRADING to ring of see invisible.
   731 | D:1      | 731 ||| READING scroll labelled LUM XULEDWAW.
   732 | D:1      | 732 ||| READING scroll labelled YVAKEATIRA.
   756 | D:2      | Reached XP level 3. HP: 23/23 MP: 3/3
   781 | D:2      | 781 ||| Stepping ~*~*~tactically~*~*~ (stealth).
   786 | D:2      | 786 ||| Stepping ~*~*~tactically~*~*~ (stealth).
   793 | D:2      | 793 ||| FLEEEEING.
   794 | D:2      | 794 ||| FLEEEEING.
   795 | D:2      | 795 ||| FLEEEEING.
   796 | D:2      | 796 ||| FLEEEEING.
   797 | D:2      | 797 ||| FLEEEEING.
   798 | D:2      | 798 ||| STAIRDANCE
   848 | D:2      | 848 ||| INVOKING Berserk.
   854 | D:2      | 854 ||| STAIRDANCE
   961 | D:2      | 961 ||| Stepping ~*~*~tactically~*~*~ (stealth).
   963 | D:2      | 963 ||| Stepping ~*~*~tactically~*~*~ (stealth).
   966 | D:2      | 966 ||| INVOKING Berserk.
   971 | D:2      | Reached skill level 4 in Axes
   976 | D:2      | 976 ||| Stepping ~*~*~tactically~*~*~ (stealth).
   984 | D:2      | HP: 5/23 [gnoll/+0 halberd (4)]
   987 | D:2      | HP: 2/23 [frozen (3)]
   988 | D:2      | Reached XP level 4. HP: 3/28 MP: 4/4
  1323 | D:2      | 1323 ||| Stepping ~*~*~tactically~*~*~ (stealth).
  1325 | D:2      | 1325 ||| Stepping ~*~*~tactically~*~*~ (hiding).
  1333 | D:2      | Reached ** piety under Trog
  1916 | D:2      | 1916 ||| UPGRADING to +0 plate armour.
  1926 | D:2      | 1926 ||| DROPPING +0 animal skin.
  1927 | D:2      | 1927 ||| READING 2 scrolls labelled LELYASH OBAU.
  1928 | D:2      | 1928 ||| READING scroll of enchant weapon.
  1928 | D:2      | 1928 ||| ENCHANTING +1 hand axe.
  1929 | D:2      | 1929 ||| READING 2 scrolls labelled LOH GONGUITEI.
  1930 | D:2      | 1930 ||| READING scroll labelled LIESYU YTIFU.
  1931 | D:2      | 1931 ||| DRINKING 2 metallic coppery potions.
  1931 | D:2      | Gained mutation: You have a pair of small horns on your
                  | head. [potion of mutation]
  1931 | D:2      | Gained mutation: You are agile. (Dex +4, Str/Int -1)
                  | [potion of mutation]
  1931 | D:2      | Gained mutation: You are dopey. (Int -2) [potion of
                  | mutation]
  1931 | D:2      | Gained mutation: You are partially covered in iridescent
                  | scales. (AC +2) [potion of mutation]
  1932 | D:2      | 1932 ||| DROPPING +0 helmet.
  2095 | D:3      | Found a hide-covered altar of Uskayaw.
  2128 | D:3      | 2128 ||| Stepping ~*~*~tactically~*~*~ (stealth).
  2249 | D:3      | 2249 ||| Stepping ~*~*~tactically~*~*~ (stealth).
  2250 | D:3      | 2250 ||| Stepping ~*~*~tactically~*~*~ (stealth).
  2375 | D:3      | 2375 ||| READING scroll of enchant weapon.
  2375 | D:3      | 2375 ||| ENCHANTING +2 hand axe.
  2600 | D:3      | 2600 ||| READING scroll labelled HOUFUQ WUPIANE.
  2601 | D:3      | 2601 ||| DRINKING 2 viscous grey potions.
  2602 | D:3      | 2602 ||| READING 3 scrolls of identify.
  2602 | D:3      | 2602 ||| IDENTIFYING grey potion
  2603 | D:3      | 2603 ||| READING 2 scrolls of identify.
  2603 | D:3      | 2603 ||| IDENTIFYING bubbling red potion
  2604 | D:3      | 2604 ||| DROPPING potion of brilliance.
  2632 | D:4      | 2632 ||| INVOKING Berserk.
  2636 | D:4      | Reached skill level 5 in Axes
  2636 | D:4      | Reached XP level 5. HP: 32/32 MP: 5/5
  2759 | D:4      | 2759 ||| DROPPING +0 whip.
  2786 | D:4      | Noticed a black bear
  2790 | D:4      | 2790 ||| INVOKING Berserk.
  2793 | D:4      | Killed a black bear
  2794 | D:4      | Reached skill level 3 in Armour
  2794 | D:4      | Reached XP level 6. HP: 37/37 MP: 6/6
  2947 | D:4      | 2947 ||| INVOKING Berserk.
  2983 | D:4      | 2983 ||| FLEEEEING.
  2984 | D:4      | 2984 ||| FLEEEEING.
  2985 | D:4      | 2985 ||| FLEEEEING.
  2986 | D:4      | 2986 ||| FLEEEEING.
  2987 | D:4      | 2987 ||| FLEEEEING.
  2988 | D:4      | 2988 ||| FLEEEEING.
  2989 | D:4      | 2989 ||| FLEEEEING.
  3005 | D:4      | Noticed a black bear
  3011 | D:4      | 3011 ||| FLEEEEING.
  3012 | D:4      | 3012 ||| FLEEEEING.
  3013 | D:4      | 3013 ||| FLEEEEING.
  3014 | D:4      | 3014 ||| FLEEEEING.
  3015 | D:4      | 3015 ||| FLEEEEING.
  3016 | D:4      | 3016 ||| FLEEEEING.
  3017 | D:4      | 3017 ||| FLEEEEING.
  3018 | D:4      | 3018 ||| FLEEEEING.
  3019 | D:4      | 3019 ||| FLEEEEING.
  3020 | D:4      | 3020 ||| FLEEEEING.
  3021 | D:4      | 3021 ||| FLEEEEING.
  3022 | D:4      | 3022 ||| FLEEEEING.
  3023 | D:4      | 3023 ||| FLEEEEING.
  3024 | D:4      | 3024 ||| FLEEEEING.
  3025 | D:4      | 3025 ||| FLEEEEING.
  3026 | D:4      | 3026 ||| FLEEEEING.
  3027 | D:4      | 3027 ||| FLEEEEING.
  3028 | D:4      | 3028 ||| FLEEEEING.
  3029 | D:4      | 3029 ||| FLEEEEING.
  3030 | D:4      | 3030 ||| FLEEEEING.
  3031 | D:4      | 3031 ||| STAIRDANCE
  3063 | D:4      | 3063 ||| INVOKING Berserk.
  3064 | D:4      | 3064 ||| STAIRDANCE
  3066 | D:3      | 3066 ||| INVOKING Berserk.
  3070 | D:3      | Killed a black bear
  3071 | D:3      | Reached XP level 7. HP: 44/44 MP: 7/7
  3184 | D:4      | 3184 ||| INVOKING Berserk.
  3187 | D:4      | Reached skill level 6 in Axes
  3488 | D:4      | 3488 ||| INVOKING Berserk.
  3558 | D:4      | 3558 ||| FLEEEEING.
  3560 | D:4      | 3560 ||| STAIRDANCE
  3662 | D:3      | 3662 ||| READING scroll labelled ICURPH GUEMOUGH.
  3663 | D:3      | 3663 ||| READING scroll labelled DUSHIP FOWK.
  3774 | D:4      | 3774 ||| Stepping ~*~*~tactically~*~*~ (stealth).
  3778 | D:4      | 3778 ||| Stepping ~*~*~tactically~*~*~ (stealth).
  3863 | D:4      | Found a staircase to the Ecumenical Temple.
  3911 | D:4      | Noticed Edmund
  3915 | D:4      | 3915 ||| INVOKING Berserk.
  3920 | D:4      | Killed Edmund
  4035 | D:4      | 4035 ||| DROPPING +0 flail.
  4518 | D:4      | 4518 ||| READING 2 scrolls labelled VIELEULEHI.
  4519 | D:4      | 4519 ||| DROPPING scroll of noise.
  4532 | D:5      | Entered Level 5 of the Dungeon
  4563 | D:5      | Noticed a steam dragon
  4564 | D:5      | 4564 ||| Stepping ~*~*~tactically~*~*~ (hiding).
  4570 | D:5      | 4570 ||| INVOKING Berserk.
  4574 | D:5      | Killed a steam dragon
  4575 | D:5      | Reached skill level 7 in Axes
  4575 | D:5      | Reached XP level 8. HP: 48/48 MP: 8/8
  4663 | D:5      | Noticed Blork the orc
  4664 | D:5      | 4664 ||| Stepping ~*~*~tactically~*~*~ (hiding).
  4665 | D:5      | 4665 ||| Stepping ~*~*~tactically~*~*~ (hiding).
  4668 | D:5      | 4668 ||| INVOKING Berserk.
  4671 | D:5      | Killed Blork the orc
  4672 | D:5      | Reached skill level 1 in Throwing
  4780 | D:5      | Identified the +1 scale mail of the Abyss {rC+ Str+4 Int+4}
  4888 | D:5      | 4888 ||| Stepping ~*~*~tactically~*~*~ (hiding).
  4942 | D:5      | Noticed Sigmund
  4944 | D:5      | 4944 ||| INVOKING Berserk.
  4947 | D:5      | Killed Sigmund
  4948 | D:5      | Reached skill level 8 in Axes
  5278 | D:5      | Reached *** piety under Trog
  5376 | D:5      | Found a shadowy altar of Dithmenos.
  5440 | D:5      | 5440 ||| INVOKING Berserk.
  5443 | D:5      | Reached skill level 6 in Fighting
  5570 | D:5      | Noticed a yak
  5570 | D:5      | Noticed a yak
  5570 | D:5      | Noticed a yak
  5571 | D:5      | Noticed a yak
  5581 | D:5      | 5581 ||| INVOKING Berserk.
  5581 | D:5      | HP: 19/76 [yak (13)]
  5583 | D:5      | Killed a yak
  5586 | D:5      | Killed a yak
  5587 | D:5      | Reached XP level 9. HP: 21/55 MP: 9/9
  5589 | D:5      | HP: 20/82 [yak (1)]
  5594 | D:5      | HP: 8/82 [yak (12)]
  5596 | D:5      | Reached skill level 9 in Axes
  6074 | D:5      | 6074 ||| READING scroll labelled DOIRYL LUYL.
  6075 | D:5      | 6075 ||| READING 5 scrolls of identify.
  6075 | D:5      | 6075 ||| IDENTIFYING coppery potion
  6076 | D:5      | 6076 ||| READING 4 scrolls of identify.
  6076 | D:5      | 6076 ||| IDENTIFYING viscous purple potion
  6077 | D:5      | 6077 ||| READING 3 scrolls of identify.
  6077 | D:5      | 6077 ||| IDENTIFYING bubbling dark potion
  6078 | D:5      | 6078 ||| READING 2 scrolls of identify.
  6078 | D:5      | 6078 ||| IDENTIFYING green potion
  6079 | D:5      | 6079 ||| DROPPING potion of magic.
  6080 | D:5      | 6080 ||| DROPPING potion of degeneration.
  6081 | D:5      | 6081 ||| DROPPING potion of ambrosia.
  6126 | D:6      | Noticed a cyclops
  6130 | D:6      | Found a transporter.
  6135 | D:6      | 6135 ||| UPGRADING to ring of positive energy.
  6141 | D:6      | Found a transporter.
  6141 | D:6      | Noticed a manticore
  6177 | D:6      | Noticed a boulder beetle
  6177 | D:6      | Noticed a gargoyle
  6281 | D:6      | 6281 ||| INVOKING Berserk.
  6414 | D:6      | Found a glowing golden altar of the Shining One.
  6415 | D:6      | Found a burning altar of Makhleb.
  6468 | D:6      | Found a shimmering altar of Xom.
  6563 | D:6      | 6563 ||| INVOKING Berserk.
  6582 | D:6      | Reached skill level 6 in Armour
  6708 | D:6      | 6708 ||| SWAPPING to +2 hand axe of draining.
  6709 | D:6      | 6709 ||| DROPPING +3 hand axe.
  6713 | D:6      | Found a stormy altar of Qazlal.
  6777 | D:6      | 6777 ||| FLEEEEING.
  6778 | D:6      | 6778 ||| FLEEEEING.
  6779 | D:6      | 6779 ||| FLEEEEING.
  6780 | D:6      | 6780 ||| FLEEEEING.
  6781 | D:6      | 6781 ||| FLEEEEING.
  6782 | D:6      | 6782 ||| FLEEEEING.
  6783 | D:6      | 6783 ||| FLEEEEING.
  6784 | D:6      | 6784 ||| FLEEEEING.
  6785 | D:6      | 6785 ||| FLEEEEING.
  6786 | D:6      | 6786 ||| FLEEEEING.
  6787 | D:6      | 6787 ||| FLEEEEING.
  6788 | D:6      | 6788 ||| FLEEEEING.
  6789 | D:6      | 6789 ||| FLEEEEING.
  6790 | D:6      | 6790 ||| FLEEEEING.
  6791 | D:6      | 6791 ||| FLEEEEING.
  6792 | D:6      | 6792 ||| FLEEEEING.
  6793 | D:6      | 6793 ||| FLEEEEING.
  6794 | D:6      | 6794 ||| FLEEEEING.
  6795 | D:6      | 6795 ||| FLEEEEING.
  6796 | D:6      | 6796 ||| FLEEEEING.
  6797 | D:6      | 6797 ||| FLEEEEING.
  6798 | D:6      | 6798 ||| FLEEEEING.
  6799 | D:6      | 6799 ||| FLEEEEING.
  6800 | D:6      | 6800 ||| STAIRDANCE
  6847 | D:5      | 6847 ||| READING scroll labelled IHIGEF XIYDDUF.
  6857 | D:6      | 6857 ||| FLEEEEING.
  6858 | D:6      | 6858 ||| FLEEEEING.
  6859 | D:6      | 6859 ||| FLEEEEING.
  6860 | D:6      | 6860 ||| FLEEEEING.
  6861 | D:6      | 6861 ||| FLEEEEING.
  6862 | D:6      | 6862 ||| STAIRDANCE
  6907 | D:6      | 6907 ||| INVOKING Berserk.
  6920 | D:6      | 6920 ||| FLEEEEING.
  6921 | D:6      | 6921 ||| STAIRDANCE
  7069 | D:6      | Found a glowing silver altar of Zin.
  7207 | D:6      | 7207 ||| UPGRADING to +4 ring of protection.
  7209 | D:6      | 7209 ||| DROPPING ring of see invisible.
  7290 | D:7      | 7290 ||| INVOKING Berserk.
  7423 | D:7      | Found Hitzetabb's Armour Emporium.
  7425 | D:7      | 7425 ||| INVOKING Berserk.
  7577 | D:7      | 7577 ||| BUYING +0 pair of gloves (54 gold).
  7577 | D:7      | Bought a +0 pair of gloves for 54 gold pieces
  7577 | D:7      | 7577 ||| SHOPLISTING +3 crown of Dyrovepreva {rElec Int+2
                  | SInv} (496 gold, have 262).
  7637 | D:7      | Reached skill level 10 in Axes
  7743 | D:7      | Identified the +11 dagger of Pandemonium {vorpal, rC- rCorr
                  | Dex+8}
  7763 | D:7      | Found Daffidgh's Antique Weapon Shop.
  7766 | D:7      | 7766 ||| INVOKING Berserk.
  7880 | D:7      | 7880 ||| BUYING glowing whip (198 gold).
  7880 | D:7      | Bought a glowing whip for 198 gold pieces
  7880 | D:7      | 7880 ||| DROPPING +3 whip of draining.
  7887 | D:7      | 7887 ||| Stepping ~*~*~tactically~*~*~ (stealth).
  7889 | D:7      | 7889 ||| Stepping ~*~*~tactically~*~*~ (hiding).
  7891 | D:7      | 7891 ||| Stepping ~*~*~tactically~*~*~ (hiding).
  7892 | D:7      | 7892 ||| Stepping ~*~*~tactically~*~*~ (hiding).
  7895 | D:7      | 7895 ||| INVOKING Berserk.
  8006 | D:7      | Noticed Joseph
  8007 | D:7      | 8007 ||| FLEEEEING.
  8008 | D:7      | 8008 ||| FLEEEEING.
  8009 | D:7      | 8009 ||| FLEEEEING.
  8015 | D:7      | 8015 ||| FLEEEEING.
  8016 | D:7      | 8016 ||| FLEEEEING.
  8017 | D:7      | 8017 ||| FLEEEEING.
  8018 | D:7      | 8018 ||| FLEEEEING.
  8019 | D:7      | 8019 ||| FLEEEEING.
  8020 | D:7      | 8020 ||| FLEEEEING.
  8021 | D:7      | 8021 ||| FLEEEEING.
  8022 | D:7      | 8022 ||| FLEEEEING.
  8025 | D:7      | 8025 ||| FLEEEEING.
  8028 | D:7      | 8028 ||| FLEEEEING.
  8039 | D:7      | 8039 ||| FLEEEEING.
  8040 | D:7      | 8040 ||| FLEEEEING.
  8041 | D:7      | 8041 ||| FLEEEEING.
  8042 | D:7      | 8042 ||| FLEEEEING.
  8043 | D:7      | 8043 ||| FLEEEEING.
  8044 | D:7      | 8044 ||| FLEEEEING.
  8045 | D:7      | 8045 ||| FLEEEEING.
  8046 | D:7      | 8046 ||| STAIRDANCE
  8185 | D:6      | 8185 ||| UPGRADING to +0 pair of gloves.
  8192 | D:7      | 8192 ||| Stepping ~*~*~tactically~*~*~ (hiding).
  8212 | D:7      | Killed Joseph
  8213 | D:7      | Reached XP level 10. HP: 65/65 MP: 10/10
  8262 | D:7      | Noticed Duvessa
  8262 | D:7      | Noticed Dowan
  8263 | D:7      | 8263 ||| Stepping ~*~*~tactically~*~*~ (hiding).
  8267 | D:7      | 8267 ||| INVOKING Berserk.
  8269 | D:7      | Killed Dowan
  8270 | D:7      | Killed Duvessa
  8422 | D:7      | 8422 ||| Stepping ~*~*~tactically~*~*~ (hiding).
  8493 | D:7      | Noticed a red ugly thing
  8494 | D:7      | 8494 ||| Stepping ~*~*~tactically~*~*~ (stealth).
  8500 | D:7      | 8500 ||| Stepping ~*~*~tactically~*~*~ (stealth).
  8510 | D:7      | Noticed a deep elf pyromancer
  8519 | D:7      | Killed a deep elf pyromancer
  8526 | D:7      | 8526 ||| Stepping ~*~*~tactically~*~*~ (stealth).
  8527 | D:7      | 8527 ||| Stepping ~*~*~tactically~*~*~ (stealth).
  8534 | D:7      | 8534 ||| Stepping ~*~*~tactically~*~*~ (stealth).
  8611 | D:7      | Killed a red ugly thing
  8683 | D:7      | Noticed a four-headed hydra
  8683 | D:7      | Noticed a deep elf pyromancer
  8684 | D:7      | 8684 ||| Stepping ~*~*~tactically~*~*~ (stealth).
  8686 | D:7      | 8686 ||| SWAPPING to +6 flail of holy wrath.
  8687 | D:7      | 8687 ||| INVOKING Berserk.
  8693 | D:7      | Killed a four-headed hydra
  8694 | D:7      | Reached skill level 11 in Axes
  8709 | D:7      | Noticed a boulder beetle
  8710 | D:7      | 8710 ||| Stepping ~*~*~tactically~*~*~ (stealth).
  8711 | D:7      | 8711 ||| Stepping ~*~*~tactically~*~*~ (stealth).
  8712 | D:7      | 8712 ||| SWAPPING to +2 hand axe of draining.
  8763 | D:7      | 8763 ||| DROPPING +6 flail of holy wrath.
  8769 | D:7      | 8769 ||| INVOKING Berserk.
  8788 | D:7      | Killed a boulder beetle
  8789 | D:7      | Reached skill level 9 in Fighting
  8797 | D:7      | Killed a deep elf pyromancer
  8996 | D:7      | 8996 ||| Stepping ~*~*~tactically~*~*~ (stealth).
  9136 | D:7      | 9136 ||| Stepping ~*~*~tactically~*~*~ (stealth).
  9137 | D:7      | Noticed a two-headed ogre
  9138 | D:7      | 9138 ||| Stepping ~*~*~tactically~*~*~ (stealth).
  9143 | D:7      | 9143 ||| INVOKING Berserk.
  9147 | D:7      | Reached XP level 11. HP: 71/71 MP: 11/11
  9152 | D:7      | Killed a two-headed ogre
  9275 | D:7      | Identified the ring "Qeheq" {Str+4 Dex+6}
  9282 | D:7      | 9282 ||| UPGRADING to +0 buckler.
  9287 | D:7      | 9287 ||| UPGRADING to ring "Qeheq" {Str+4 Dex+6}.
  9289 | D:7      | 9289 ||| DROPPING ring of positive energy.
  9290 | D:7      | 9290 ||| DROPPING ring of see invisible.
  9291 | D:7      | 9291 ||| READING scroll labelled IDUIXU UDIRALI.
  9292 | D:7      | 9292 ||| DRINKING 2 lumpy orange potions.
  9293 | D:7      | 9293 ||| DROPPING potion of flight.
  9359 | D:8      | 9359 ||| Stepping ~*~*~tactically~*~*~ (hiding).
  9360 | D:8      | 9360 ||| Stepping ~*~*~tactically~*~*~ (hiding).
  9448 | D:8      | 9448 ||| Stepping ~*~*~tactically~*~*~ (stealth).
  9448 | D:8      | Noticed Grum
  9449 | D:8      | 9449 ||| Stepping ~*~*~tactically~*~*~ (hiding).
  9451 | D:8      | 9451 ||| Stepping ~*~*~tactically~*~*~ (hiding).
  9455 | D:8      | 9455 ||| INVOKING Berserk.
  9458 | D:8      | Reached skill level 1 in Shields
  9464 | D:8      | Killed Grum
  9464 | D:8      | Reached **** piety under Trog
  9534 | D:8      | 9534 ||| Stepping ~*~*~tactically~*~*~ (stealth).
  9549 | D:8      | 9549 ||| Stepping ~*~*~tactically~*~*~ (hiding).
  9554 | D:8      | 9554 ||| Stepping ~*~*~tactically~*~*~ (cloud).
  9556 | D:8      | 9556 ||| INVOKING Berserk.
  9559 | D:8      | Reached skill level 3 in Shields
  9587 | D:8      | 9587 ||| Stepping ~*~*~tactically~*~*~ (stealth).
  9589 | D:8      | 9589 ||| Stepping ~*~*~tactically~*~*~ (stealth).
  9590 | D:8      | 9590 ||| Stepping ~*~*~tactically~*~*~ (stealth).
  9766 | D:8      | 9766 ||| Stepping ~*~*~tactically~*~*~ (stealth).
  9767 | D:8      | 9767 ||| Stepping ~*~*~tactically~*~*~ (stealth).
  9770 | D:8      | 9770 ||| Stepping ~*~*~tactically~*~*~ (stealth).
  9781 | D:8      | 9781 ||| Stepping ~*~*~tactically~*~*~ (stealth).
  9794 | D:8      | 9794 ||| Stepping ~*~*~tactically~*~*~ (stealth).
 10100 | D:8      | 10100 ||| SWAPPING to +0 war axe.
 10101 | D:8      | 10101 ||| DROPPING +2 hand axe of draining.
 10111 | D:8      | 10111 ||| Stepping ~*~*~tactically~*~*~ (stealth).
 10306 | D:8      | Reached skill level 3 in Dodging
 10466 | D:8      | 10466 ||| DROPPING +6 ring of strength.
 10467 | D:8      | 10467 ||| READING 3 scrolls of identify.
 10467 | D:8      | 10467 ||| IDENTIFYING sapphire potion
 10468 | D:8      | 10468 ||| READING 2 scrolls of identify.
 10468 | D:8      | 10468 ||| IDENTIFYING brown potion
 10469 | D:8      | 10469 ||| DROPPING potion of berserk rage.
 10470 | D:8      | 10470 ||| DROPPING potion of attraction.
 10495 | D:8      | 10495 ||| Stepping ~*~*~tactically~*~*~ (stealth).
 10496 | D:8      | 10496 ||| Stepping ~*~*~tactically~*~*~ (stealth).
 10498 | D:8      | 10498 ||| Stepping ~*~*~tactically~*~*~ (stealth).
 10859 | D:9      | 10859 ||| Stepping ~*~*~tactically~*~*~ (stealth).
 10915 | D:9      | Found a transporter.
 10925 | D:9      | Noticed qw's ghost (novice TeWr)
 10933 | D:9      | Found a transporter.
 11176 | D:9      | 11176 ||| Stepping ~*~*~tactically~*~*~ (hiding).
 11223 | D:9      | Reached skill level 12 in Axes
 11268 | D:9      | 11268 ||| Stepping ~*~*~tactically~*~*~ (hiding).
 11685 | D:10     | Entered Level 10 of the Dungeon
 11691 | D:10     | 11691 ||| INVOKING Berserk.
 11901 | D:10     | Found a radiant altar of Vehumet.
 11901 | D:10     | Found an ancient bone altar of Kikubaaqudgha.
 11902 | D:10     | Found a shimmering blue altar of Sif Muna.
 11931 | D:10     | 11931 ||| FLEEEEING.
 11932 | D:10     | 11932 ||| FLEEEEING.
 11936 | D:10     | 11936 ||| FLEEEEING.
 11937 | D:10     | 11937 ||| FLEEEEING.
 11942 | D:10     | 11942 ||| FLEEEEING.
 11943 | D:10     | 11943 ||| FLEEEEING.
 11944 | D:10     | 11944 ||| FLEEEEING.
 11945 | D:10     | 11945 ||| FLEEEEING.
 11946 | D:10     | 11946 ||| FLEEEEING.
 11947 | D:10     | 11947 ||| FLEEEEING.
 12126 | D:10     | 12126 ||| DROPPING +0 flail of protection.
 12142 | D:10     | 12142 ||| INVOKING Berserk.
 12145 | D:10     | Found an opulent altar of Gozag.
 12275 | D:10     | Found a sacrificial altar of Ru.
 12353 | D:10     | Reached skill level 6 in Shields
 12429 | D:10     | Noticed a two-headed ogre
 12430 | D:10     | 12430 ||| Stepping ~*~*~tactically~*~*~ (hiding).
 12435 | D:10     | 12435 ||| INVOKING Berserk.
 12440 | D:10     | Killed a two-headed ogre
 12641 | D:10     | 12641 ||| INVOKING Berserk.
 12859 | D:10     | 12859 ||| INVOKING Berserk.
 12864 | D:10     | Reached XP level 12. HP: 77/77 MP: 12/12
 12986 | D:10     | Found a staircase to the Lair.
 13215 | D:10     | 13215 ||| Stepping ~*~*~tactically~*~*~ (stealth).
 13217 | D:10     | 13217 ||| Stepping ~*~*~tactically~*~*~ (stealth).
 13230 | D:10     | 13230 ||| Stepping ~*~*~tactically~*~*~ (stealth).
 13233 | D:10     | 13233 ||| Stepping ~*~*~tactically~*~*~ (hiding).
 13236 | D:10     | 13236 ||| FLEEEEING.
 13239 | D:10     | 13239 ||| FLEEEEING.
 13240 | D:10     | 13240 ||| FLEEEEING.
 13241 | D:10     | 13241 ||| STAIRDANCE
 13343 | D:9      | 13343 ||| UPGRADING to +2 hat.
 13348 | D:9      | 13348 ||| READING 2 scrolls of identify.
 13348 | D:9      | 13348 ||| IDENTIFYING inky potion
 13351 | D:10     | 13351 ||| STAIRDANCE
 13371 | D:10     | 13371 ||| STAIRDANCE
 13377 | D:10     | 13377 ||| STAIRDANCE
 13382 | D:10     | 13382 ||| STAIRDANCE
 13391 | D:10     | 13391 ||| STAIRDANCE
 13435 | D:10     | Found a staircase to the Orcish Mines.
 13476 | D:10     | 13476 ||| Stepping ~*~*~tactically~*~*~ (stealth).
 13478 | D:10     | 13478 ||| Stepping ~*~*~tactically~*~*~ (stealth).
 13493 | D:10     | Reached ***** piety under Trog
 13552 | D:10     | 13552 ||| PLANNING LAIR
 13711 | Lair:1   | Entered Level 1 of the Lair of Beasts
 13712 | Lair:1   | 13712 ||| INVOKING Berserk.
 13727 | Lair:1   | 13727 ||| INVOKING Brothers in Arms.
 13728 | Lair:1   | 13728 ||| INVOKING Brothers in Arms.
 13735 | Lair:1   | Reached skill level 13 in Axes
 13856 | Lair:1   | 13856 ||| Stepping ~*~*~tactically~*~*~ (stealth).
 13859 | Lair:1   | 13859 ||| Stepping ~*~*~tactically~*~*~ (stealth).
 13873 | Lair:1   | 13873 ||| Stepping ~*~*~tactically~*~*~ (stealth).
 13898 | Lair:1   | 13898 ||| Stepping ~*~*~tactically~*~*~ (stealth).
 13909 | Lair:1   | 13909 ||| READING scroll labelled SECUOR DITT.
 13910 | Lair:1   | 13910 ||| READING 3 scrolls of teleportation.
 13912 | Lair:1   | 13912 ||| Stepping ~*~*~tactically~*~*~ (stealth).
 13939 | Lair:1   | 13939 ||| Stepping ~*~*~tactically~*~*~ (stealth).
 13940 | Lair:1   | 13940 ||| Stepping ~*~*~tactically~*~*~ (stealth).
 13943 | Lair:1   | 13943 ||| Stepping ~*~*~tactically~*~*~ (stealth).
 13954 | Lair:1   | 13954 ||| INVOKING Berserk.
 14067 | Lair:1   | Reached skill level 9 in Armour
 14134 | Lair:1   | 14134 ||| Stepping ~*~*~tactically~*~*~ (stealth).
 14149 | Lair:1   | 14149 ||| INVOKING Berserk.
 14166 | Lair:1   | 14166 ||| Stepping ~*~*~tactically~*~*~ (stealth).
 14177 | Lair:1   | 14177 ||| Stepping ~*~*~tactically~*~*~ (stealth).
 14193 | Lair:1   | 14193 ||| Stepping ~*~*~tactically~*~*~ (stealth).
 14269 | Lair:1   | Noticed a five-headed hydra
 14270 | Lair:1   | 14270 ||| INVOKING Brothers in Arms.
 14272 | Lair:1   | 14272 ||| SWAPPING to +0 morningstar.
 14273 | Lair:1   | 14273 ||| INVOKING Berserk.
 14279 | Lair:1   | Killed a five-headed hydra
 14316 | Lair:1   | 14316 ||| SWAPPING to +0 war axe.
 14338 | Lair:1   | Noticed a catoblepas
 14340 | Lair:1   | 14340 ||| INVOKING Berserk.
 14345 | Lair:1   | Killed a catoblepas
 14646 | Lair:1   | 14646 ||| Stepping ~*~*~tactically~*~*~ (stealth).
 14648 | Lair:1   | 14648 ||| Stepping ~*~*~tactically~*~*~ (stealth).
 14655 | Lair:1   | 14655 ||| INVOKING Berserk.
 14661 | Lair:1   | Reached skill level 14 in Axes
 14895 | Lair:1   | Noticed a death yak
 14897 | Lair:1   | 14897 ||| INVOKING Berserk.
 14918 | Lair:1   | Killed a death yak
 15076 | Lair:1   | 15076 ||| Stepping ~*~*~tactically~*~*~ (stealth).
 15078 | Lair:1   | 15078 ||| Stepping ~*~*~tactically~*~*~ (stealth).
 15409 | Lair:1   | 15409 ||| Stepping ~*~*~tactically~*~*~ (stealth).
 15428 | Lair:1   | Reached XP level 13. HP: 80/84 MP: 13/13
 15510 | Lair:1   | 15510 ||| Stepping ~*~*~tactically~*~*~ (water).
 15518 | Lair:1   | 15518 ||| Stepping ~*~*~tactically~*~*~ (stealth).
 15627 | Lair:1   | 15627 ||| INVOKING Berserk.
 15630 | Lair:1   | HP: 30/126 [elephant (7)]
 15934 | Lair:1   | 15934 ||| Stepping ~*~*~tactically~*~*~ (stealth).
 16018 | Lair:1   | 16018 ||| DROPPING +2 chain mail of poison resistance.
 16019 | Lair:1   | 16019 ||| DROPPING ring of protection from cold.
 16020 | Lair:1   | 16020 ||| READING scroll labelled LISHESUFISS.
 16070 | Lair:2   | 16070 ||| DROPPING +6 flail.
 16153 | Lair:2   | 16153 ||| Stepping ~*~*~tactically~*~*~ (stealth).
 16155 | Lair:2   | 16155 ||| Stepping ~*~*~tactically~*~*~ (stealth).
 16157 | Lair:2   | 16157 ||| Stepping ~*~*~tactically~*~*~ (stealth).
 16167 | Lair:2   | 16167 ||| INVOKING Berserk.
 16186 | Lair:2   | 16186 ||| INVOKING Brothers in Arms.
 16315 | Lair:2   | 16315 ||| INVOKING Brothers in Arms.
 16317 | Lair:2   | 16317 ||| SWAPPING to +0 morningstar.
 16318 | Lair:2   | 16318 ||| INVOKING Berserk.
 16325 | Lair:2   | 16325 ||| SWAPPING to +0 war axe.
 16339 | Lair:2   | Reached skill level 15 in Axes
 16441 | Lair:2   | 16441 ||| Stepping ~*~*~tactically~*~*~ (hiding).
 16443 | Lair:2   | 16443 ||| Stepping ~*~*~tactically~*~*~ (hiding).
 16446 | Lair:2   | Found a staircase to the Swamp.
 16460 | Lair:2   | 16460 ||| INVOKING Berserk.
 16463 | Lair:2   | HP: 26/126 [bog body (12)]
 17202 | Lair:2   | 17202 ||| Stepping ~*~*~tactically~*~*~ (hiding).
 17203 | Lair:2   | 17203 ||| Stepping ~*~*~tactically~*~*~ (hiding).
 17386 | Lair:3   | Reached skill level 12 in Fighting
 17533 | Lair:3   | 17533 ||| Stepping ~*~*~tactically~*~*~ (stealth).
 17534 | Lair:3   | 17534 ||| Stepping ~*~*~tactically~*~*~ (stealth).
 17837 | Lair:3   | 17837 ||| INVOKING Brothers in Arms.
 17839 | Lair:3   | 17839 ||| SWAPPING to +0 morningstar.
 17840 | Lair:3   | 17840 ||| INVOKING Berserk.
 17848 | Lair:3   | 17848 ||| SWAPPING to +0 war axe.
 17993 | Lair:3   | 17993 ||| INVOKING Berserk.
 18119 | Lair:3   | Found a burning altar of Makhleb.
 18184 | Lair:3   | 18184 ||| Stepping ~*~*~tactically~*~*~ (hiding).
 18210 | Lair:3   | 18210 ||| Stepping ~*~*~tactically~*~*~ (stealth).
 18347 | Lair:3   | Found a staircase to the Snake Pit.
 18366 | Lair:3   | 18366 ||| Stepping ~*~*~tactically~*~*~ (hiding).
 18367 | Lair:3   | 18367 ||| Stepping ~*~*~tactically~*~*~ (hiding).
 18502 | Lair:3   | 18502 ||| READING scroll of enchant weapon.
 18502 | Lair:3   | 18502 ||| ENCHANTING +0 war axe.
 18571 | Lair:3   | 18571 ||| Stepping ~*~*~tactically~*~*~ (stealth).
 18751 | Lair:3   | 18751 ||| FLEEEEING.
 18752 | Lair:3   | 18752 ||| FLEEEEING.
 18754 | Lair:3   | 18754 ||| FLEEEEING.
 18757 | Lair:3   | 18757 ||| FLEEEEING.
 18758 | Lair:3   | 18758 ||| FLEEEEING.
 18759 | Lair:3   | 18759 ||| FLEEEEING.
 18760 | Lair:3   | 18760 ||| FLEEEEING.
 18761 | Lair:3   | 18761 ||| FLEEEEING.
 18762 | Lair:3   | 18762 ||| FLEEEEING.
 18763 | Lair:3   | 18763 ||| FLEEEEING.
 18764 | Lair:3   | 18764 ||| FLEEEEING.
 18766 | Lair:3   | 18766 ||| FLEEEEING.
 18767 | Lair:3   | 18767 ||| FLEEEEING.
 18768 | Lair:3   | 18768 ||| FLEEEEING.
 18769 | Lair:3   | 18769 ||| FLEEEEING.
 18770 | Lair:3   | 18770 ||| FLEEEEING.
 18771 | Lair:3   | 18771 ||| FLEEEEING.
 18772 | Lair:3   | 18772 ||| FLEEEEING.
 18773 | Lair:3   | 18773 ||| FLEEEEING.
 18774 | Lair:3   | 18774 ||| FLEEEEING.
 18775 | Lair:3   | 18775 ||| FLEEEEING.
 18776 | Lair:3   | 18776 ||| FLEEEEING.
 18777 | Lair:3   | 18777 ||| STAIRDANCE
 18781 | Lair:3   | 18781 ||| INVOKING Berserk.
 18791 | Lair:3   | 18791 ||| STAIRDANCE
 18920 | Lair:3   | 18920 ||| Stepping ~*~*~tactically~*~*~ (stealth).
 19065 | Lair:3   | 19065 ||| INVOKING Berserk.
 19085 | Lair:3   | Gained mutation: Your large and strong wings let you fly.
                  | [Gargoyle growth]
 19085 | Lair:3   | Reached XP level 14. HP: 72/92 MP: 14/14
 19093 | Lair:3   | Reached skill level 16 in Axes
 19318 | Lair:3   | 19318 ||| UPGRADING to +0 cloak.
 19335 | Lair:4   | 19335 ||| STAIRDANCE
 19349 | Lair:4   | 19349 ||| STAIRDANCE
 19457 | Lair:4   | 19457 ||| INVOKING Berserk.
 19588 | Lair:4   | 19588 ||| Stepping ~*~*~tactically~*~*~ (hiding).
 19590 | Lair:4   | 19590 ||| INVOKING Brothers in Arms.
 19592 | Lair:4   | 19592 ||| INVOKING Berserk.
 19792 | Lair:4   | 19792 ||| INVOKING Berserk.
 19812 | Lair:4   | 19812 ||| Stepping ~*~*~tactically~*~*~ (stealth).
 19814 | Lair:4   | 19814 ||| Stepping ~*~*~tactically~*~*~ (stealth).
 19840 | Lair:4   | 19840 ||| FLEEEEING.
 19841 | Lair:4   | 19841 ||| FLEEEEING.
 19842 | Lair:4   | 19842 ||| FLEEEEING.
 19843 | Lair:4   | 19843 ||| FLEEEEING.
 19844 | Lair:4   | 19844 ||| FLEEEEING.
 19845 | Lair:4   | 19845 ||| FLEEEEING.
 19846 | Lair:4   | 19846 ||| FLEEEEING.
 19849 | Lair:4   | 19849 ||| STAIRDANCE
 19999 | Lair:4   | 19999 ||| Stepping ~*~*~tactically~*~*~ (stealth).
 20001 | Lair:4   | 20001 ||| Stepping ~*~*~tactically~*~*~ (stealth).
 20002 | Lair:4   | 20002 ||| Stepping ~*~*~tactically~*~*~ (stealth).
 20004 | Lair:4   | 20004 ||| Stepping ~*~*~tactically~*~*~ (stealth).
 20316 | Lair:4   | 20316 ||| UPGRADING to amulet of the acrobat.
 20353 | Lair:5   | Entered Level 5 of the Lair of Beasts
 20370 | Lair:5   | 20370 ||| INVOKING Brothers in Arms.
 20372 | Lair:5   | 20372 ||| SWAPPING to +0 morningstar.
 20373 | Lair:5   | 20373 ||| INVOKING Berserk.
 20383 | Lair:5   | 20383 ||| SWAPPING to +1 war axe.
 20531 | Lair:5   | 20531 ||| Stepping ~*~*~tactically~*~*~ (stealth).
 20537 | Lair:5   | 20537 ||| Stepping ~*~*~tactically~*~*~ (stealth).
 20582 | Lair:5   | 20582 ||| FLEEEEING.
 20608 | Lair:5   | 20608 ||| Stepping ~*~*~tactically~*~*~ (stealth).
 20611 | Lair:5   | 20611 ||| Stepping ~*~*~tactically~*~*~ (stealth).
 20629 | Lair:5   | Reached skill level 12 in Armour
 20634 | Lair:5   | 20634 ||| Stepping ~*~*~tactically~*~*~ (stealth).
 20635 | Lair:5   | 20635 ||| Stepping ~*~*~tactically~*~*~ (stealth).
 20636 | Lair:5   | 20636 ||| Stepping ~*~*~tactically~*~*~ (stealth).
 20712 | Lair:5   | Found a viscous altar of Jiyva.
 20712 | Lair:5   | Found a staircase to the Slime Pits.
 20941 | Lair:5   | 20941 ||| INVOKING Berserk.
 21174 | Lair:5   | 21174 ||| Stepping ~*~*~tactically~*~*~ (stealth).
 21382 | Lair:5   | 21382 ||| INVOKING Brothers in Arms.
 21383 | Lair:5   | 21383 ||| INVOKING Brothers in Arms.
 21384 | Lair:5   | 21384 ||| INVOKING Brothers in Arms.
 21385 | Lair:5   | 21385 ||| INVOKING Brothers in Arms.
 21386 | Lair:5   | 21386 ||| INVOKING Brothers in Arms.
 21387 | Lair:5   | 21387 ||| SWAPPING to +0 morningstar.
 21388 | Lair:5   | 21388 ||| INVOKING Berserk.
 21400 | Lair:5   | 21400 ||| SWAPPING to +1 war axe.
 21721 | Lair:5   | 21721 ||| INVOKING Berserk.
 21724 | Lair:5   | Reached skill level 6 in Dodging
 21986 | Lair:5   | 21986 ||| Stepping ~*~*~tactically~*~*~ (hiding).
 21987 | Lair:5   | 21987 ||| Stepping ~*~*~tactically~*~*~ (hiding).
 22014 | Lair:5   | 22014 ||| FLEEEEING.
 22015 | Lair:5   | 22015 ||| FLEEEEING.
 22016 | Lair:5   | 22016 ||| FLEEEEING.
 22017 | Lair:5   | 22017 ||| FLEEEEING.
 22018 | Lair:5   | 22018 ||| FLEEEEING.
 22019 | Lair:5   | 22019 ||| FLEEEEING.
 22020 | Lair:5   | 22020 ||| FLEEEEING.
 22021 | Lair:5   | 22021 ||| FLEEEEING.
 22022 | Lair:5   | 22022 ||| FLEEEEING.
 22023 | Lair:5   | 22023 ||| FLEEEEING.
 22024 | Lair:5   | 22024 ||| FLEEEEING.
 22025 | Lair:5   | 22025 ||| FLEEEEING.
 22026 | Lair:5   | 22026 ||| FLEEEEING.
 22027 | Lair:5   | 22027 ||| FLEEEEING.
 22028 | Lair:5   | 22028 ||| FLEEEEING.
 22029 | Lair:5   | 22029 ||| FLEEEEING.
 22030 | Lair:5   | 22030 ||| FLEEEEING.
 22031 | Lair:5   | 22031 ||| FLEEEEING.
 22032 | Lair:5   | 22032 ||| FLEEEEING.
 22034 | Lair:5   | 22034 ||| FLEEEEING.
 22035 | Lair:5   | 22035 ||| FLEEEEING.
 22036 | Lair:5   | 22036 ||| FLEEEEING.
 22037 | Lair:5   | 22037 ||| FLEEEEING.
 22038 | Lair:5   | 22038 ||| FLEEEEING.
 22110 | Lair:5   | 22110 ||| Stepping ~*~*~tactically~*~*~ (stealth).
 22172 | Lair:5   | 22172 ||| Stepping ~*~*~tactically~*~*~ (stealth).
 22190 | Lair:5   | 22190 ||| Stepping ~*~*~tactically~*~*~ (stealth).
 22213 | Lair:5   | 22213 ||| Stepping ~*~*~tactically~*~*~ (stealth).
 22234 | Lair:5   | Reached skill level 3 in Throwing
 22252 | Lair:5   | 22252 ||| FLEEEEING.
 22253 | Lair:5   | 22253 ||| FLEEEEING.
 22254 | Lair:5   | 22254 ||| FLEEEEING.
 22255 | Lair:5   | 22255 ||| FLEEEEING.
 22256 | Lair:5   | 22256 ||| FLEEEEING.
 22257 | Lair:5   | 22257 ||| FLEEEEING.
 22258 | Lair:5   | 22258 ||| FLEEEEING.
 22259 | Lair:5   | 22259 ||| FLEEEEING.
 22260 | Lair:5   | 22260 ||| FLEEEEING.
 22261 | Lair:5   | 22261 ||| FLEEEEING.
 22262 | Lair:5   | 22262 ||| FLEEEEING.
 22263 | Lair:5   | 22263 ||| FLEEEEING.
 22264 | Lair:5   | 22264 ||| FLEEEEING.
 22265 | Lair:5   | 22265 ||| FLEEEEING.
 22268 | Lair:5   | 22268 ||| FLEEEEING.
 22269 | Lair:5   | 22269 ||| FLEEEEING.
 22270 | Lair:5   | 22270 ||| FLEEEEING.
 22271 | Lair:5   | 22271 ||| FLEEEEING.
 22272 | Lair:5   | 22272 ||| FLEEEEING.
 22273 | Lair:5   | 22273 ||| FLEEEEING.
 22274 | Lair:5   | 22274 ||| Stepping ~*~*~tactically~*~*~ (stealth).
 22275 | Lair:5   | 22275 ||| FLEEEEING.
 22386 | Lair:5   | 22386 ||| Stepping ~*~*~tactically~*~*~ (stealth).
 22389 | Lair:5   | 22389 ||| INVOKING Berserk.
 22406 | Lair:5   | Reached skill level 9 in Shields
 22500 | Lair:5   | 22500 ||| FLEEEEING.
 22501 | Lair:5   | 22501 ||| FLEEEEING.
 22502 | Lair:5   | 22502 ||| FLEEEEING.
 22503 | Lair:5   | 22503 ||| FLEEEEING.
 22504 | Lair:5   | 22504 ||| FLEEEEING.
 22505 | Lair:5   | 22505 ||| FLEEEEING.
 22506 | Lair:5   | 22506 ||| FLEEEEING.
 22507 | Lair:5   | 22507 ||| FLEEEEING.
 22508 | Lair:5   | 22508 ||| FLEEEEING.
 22509 | Lair:5   | 22509 ||| FLEEEEING.
 22510 | Lair:5   | 22510 ||| FLEEEEING.
 22511 | Lair:5   | 22511 ||| FLEEEEING.
 22512 | Lair:5   | 22512 ||| FLEEEEING.
 22513 | Lair:5   | 22513 ||| FLEEEEING.
 22514 | Lair:5   | 22514 ||| FLEEEEING.
 22515 | Lair:5   | 22515 ||| FLEEEEING.
 22516 | Lair:5   | 22516 ||| FLEEEEING.
 22517 | Lair:5   | 22517 ||| FLEEEEING.
 22518 | Lair:5   | 22518 ||| FLEEEEING.
 22519 | Lair:5   | 22519 ||| FLEEEEING.
 22520 | Lair:5   | 22520 ||| FLEEEEING.
 22521 | Lair:5   | 22521 ||| FLEEEEING.
 22522 | Lair:5   | 22522 ||| FLEEEEING.
 22523 | Lair:5   | 22523 ||| FLEEEEING.
 22524 | Lair:5   | 22524 ||| FLEEEEING.
 22525 | Lair:5   | 22525 ||| FLEEEEING.
 22526 | Lair:5   | 22526 ||| FLEEEEING.
 22527 | Lair:5   | 22527 ||| FLEEEEING.
 22528 | Lair:5   | 22528 ||| FLEEEEING.
 22663 | Lair:5   | Found a corrupted altar of Lugonu.
 22663 | Lair:5   | Found a one-way gate to the infinite horrors of the Abyss.
 22671 | Lair:5   | 22671 ||| SWAPPING to +2 war axe of electrocution.
 22672 | Lair:5   | 22672 ||| DROPPING +1 war axe.
 22681 | Lair:5   | 22681 ||| PLANNING D:1-11
 22681 | Lair:5   | 22681 ||| DROPPING amulet of magic regeneration.
 22682 | Lair:5   | 22682 ||| DROPPING +6 ring of intelligence.
 22683 | Lair:5   | 22683 ||| READING scroll labelled AFFAYJOGAHEI.
 22763 | Lair:5   | 22763 ||| DRINKING 2 bubbling blue potions.
 22764 | Lair:5   | 22764 ||| READING 2 scrolls of identify.
 22764 | Lair:5   | 22764 ||| IDENTIFYING fuming ruby potion
 22765 | Lair:5   | 22765 ||| DROPPING potion of invisibility.
 22985 | D:11     | 22985 ||| STAIRDANCE
 23135 | D:11     | 23135 ||| Stepping ~*~*~tactically~*~*~ (hiding).
 23150 | D:11     | Reached XP level 15. HP: 89/98 MP: 15/15
 23152 | D:11     | 23152 ||| FLEEEEING.
 23187 | D:11     | 23187 ||| Stepping ~*~*~tactically~*~*~ (stealth).
 23481 | D:11     | 23481 ||| FLEEEEING.
 23485 | D:11     | 23485 ||| DRINKING 5 potions of curing.
 23485 | D:11     | 23485 ||| (to cure confusion)
 23526 | D:11     | 23526 ||| READING scroll of enchant armour.
 23526 | D:11     | 23526 ||| ENCHANTING +0 pair of gloves.
 23656 | D:11     | 23656 ||| READING scroll of enchant armour.
 23656 | D:11     | 23656 ||| ENCHANTING +1 pair of gloves.
 23799 | D:11     | 23799 ||| Stepping ~*~*~tactically~*~*~ (stealth).
 23801 | D:11     | 23801 ||| Stepping ~*~*~tactically~*~*~ (stealth).
 23821 | D:11     | 23821 ||| Stepping ~*~*~tactically~*~*~ (hiding).
 23981 | D:11     | 23981 ||| Stepping ~*~*~tactically~*~*~ (stealth).
 23982 | D:11     | 23982 ||| Stepping ~*~*~tactically~*~*~ (stealth).
 24155 | D:11     | 24155 ||| Stepping ~*~*~tactically~*~*~ (hiding).
 24560 | D:11     | 24560 ||| PLANNING D
 24560 | D:11     | 24560 ||| UPGRADING to +2 cloak.
 24570 | D:11     | 24570 ||| DROPPING +0 cloak.
 24732 | D:12     | Received a gift from Trog
 24734 | D:12     | 24734 ||| SWAPPING to +4 vorpal broad axe.
 24735 | D:12     | 24735 ||| DROPPING +2 war axe of electrocution.
 24755 | D:12     | 24755 ||| Stepping ~*~*~tactically~*~*~ (stealth).
 24764 | D:12     | 24764 ||| INVOKING Berserk.
 25196 | D:12     | 25196 ||| Stepping ~*~*~tactically~*~*~ (hiding).
 25328 | D:12     | 25328 ||| READING scroll of enchant weapon.
 25328 | D:12     | 25328 ||| ENCHANTING +4 vorpal broad axe.
 25623 | D:12     | 25623 ||| DROPPING scarf of shadows.
 25624 | D:12     | 25624 ||| READING 4 scrolls of identify.
 25624 | D:12     | 25624 ||| IDENTIFYING fuming yellow potion
 25625 | D:12     | 25625 ||| DROPPING potion of lignification.
 25685 | D:13     | Noticed Erolcha
 25686 | D:13     | 25686 ||| Stepping ~*~*~tactically~*~*~ (hiding).
 25692 | D:13     | 25692 ||| INVOKING Trog's Hand.
 25697 | D:13     | Killed Erolcha
 25820 | D:13     | 25820 ||| Stepping ~*~*~tactically~*~*~ (hiding).
 25863 | D:13     | 25863 ||| Stepping ~*~*~tactically~*~*~ (hiding).
 25867 | D:13     | 25867 ||| INVOKING Berserk.
 25950 | D:13     | 25950 ||| Stepping ~*~*~tactically~*~*~ (hiding).
 26118 | D:13     | 26118 ||| Stepping ~*~*~tactically~*~*~ (stealth).
 26123 | D:13     | 26123 ||| Stepping ~*~*~tactically~*~*~ (stealth).
 26125 | D:13     | 26125 ||| Stepping ~*~*~tactically~*~*~ (hiding).
 26252 | D:13     | 26252 ||| Stepping ~*~*~tactically~*~*~ (hiding).
 26260 | D:13     | Noticed Lodul
 26280 | D:13     | Killed Lodul
 26379 | D:13     | 26379 ||| Stepping ~*~*~tactically~*~*~ (stealth).
 26396 | D:13     | 26396 ||| Stepping ~*~*~tactically~*~*~ (stealth).
 26397 | D:13     | 26397 ||| Stepping ~*~*~tactically~*~*~ (stealth).
 26421 | D:13     | 26421 ||| Stepping ~*~*~tactically~*~*~ (hiding).
 26422 | D:13     | 26422 ||| Stepping ~*~*~tactically~*~*~ (hiding).
 26547 | D:13     | Found Ugaawaj's Weapon Shop.
 26613 | D:13     | Found Torhul's Antique Weapon Shoppe.
 26623 | D:13     | 26623 ||| BUYING glowing war axe (214 gold).
 26623 | D:13     | Bought a glowing war axe for 214 gold pieces
 26623 | D:13     | 26623 ||| DROPPING +2 war axe of distortion.
 26690 | D:13     | 26690 ||| DROPPING ring of ice.
 26750 | D:14     | Found a runed translucent door.
 26753 | D:14     | Noticed a balrug
 26899 | D:14     | 26899 ||| Stepping ~*~*~tactically~*~*~ (hiding).
 26924 | D:14     | 26924 ||| Stepping ~*~*~tactically~*~*~ (stealth).
 26928 | D:14     | 26928 ||| FLEEEEING.
 26932 | D:14     | 26932 ||| FLEEEEING.
 26933 | D:14     | 26933 ||| FLEEEEING.
 26934 | D:14     | 26934 ||| FLEEEEING.
 26935 | D:14     | 26935 ||| FLEEEEING.
 26936 | D:14     | 26936 ||| FLEEEEING.
 26945 | D:14     | Reached skill level 17 in Axes
 27020 | D:14     | 27020 ||| INVOKING Trog's Hand.
 27047 | D:14     | 27047 ||| INVOKING Brothers in Arms.
 27049 | D:14     | 27049 ||| SWAPPING to +0 morningstar.
 27050 | D:14     | 27050 ||| INVOKING Berserk.
 27075 | D:14     | 27075 ||| SWAPPING to +5 vorpal broad axe.
 27240 | D:14     | 27240 ||| Stepping ~*~*~tactically~*~*~ (stealth).
 27242 | D:14     | 27242 ||| Stepping ~*~*~tactically~*~*~ (stealth).
 27244 | D:14     | 27244 ||| Stepping ~*~*~tactically~*~*~ (stealth).
 27300 | D:14     | Identified the +5 hand axe of Fedhas's Benevolence {vorpal,
                  | Will- Dex+8}
 27425 | D:14     | 27425 ||| Stepping ~*~*~tactically~*~*~ (hiding).
 27495 | D:14     | Found a gate to the Vaults.
 27590 | D:14     | 27590 ||| INVOKING Brothers in Arms.
 27591 | D:14     | 27591 ||| INVOKING Berserk.
 27845 | D:14     | 27845 ||| UPGRADING to +0 kite shield.
 27855 | D:14     | 27855 ||| DROPPING +0 buckler.
 27884 | D:15     | Entered Level 15 of the Dungeon
 27959 | D:15     | 27959 ||| FLEEEEING.
 27960 | D:15     | 27960 ||| FLEEEEING.
 27961 | D:15     | 27961 ||| FLEEEEING.
 27982 | D:15     | 27982 ||| FLEEEEING.
 27983 | D:15     | 27983 ||| FLEEEEING.
 27984 | D:15     | 27984 ||| FLEEEEING.
 27985 | D:15     | 27985 ||| FLEEEEING.
 28002 | D:15     | 28002 ||| FLEEEEING.
 28003 | D:15     | 28003 ||| FLEEEEING.
 28004 | D:15     | 28004 ||| FLEEEEING.
 28005 | D:15     | 28005 ||| FLEEEEING.
 28006 | D:15     | 28006 ||| FLEEEEING.
 28007 | D:15     | 28007 ||| FLEEEEING.
 28008 | D:15     | 28008 ||| FLEEEEING.
 28009 | D:15     | 28009 ||| FLEEEEING.
 28011 | D:15     | 28011 ||| STAIRDANCE
 28133 | D:15     | 28133 ||| FLEEEEING.
 28134 | D:15     | 28134 ||| STAIRDANCE
 28223 | D:15     | Found a radiant altar of Vehumet.
 28281 | D:15     | 28281 ||| INVOKING Trog's Hand.
 28488 | D:15     | 28488 ||| FLEEEEING.
 28489 | D:15     | 28489 ||| FLEEEEING.
 28490 | D:15     | 28490 ||| FLEEEEING.
 28491 | D:15     | 28491 ||| FLEEEEING.
 28492 | D:15     | 28492 ||| FLEEEEING.
 28495 | D:15     | 28495 ||| FLEEEEING.
 28496 | D:15     | 28496 ||| FLEEEEING.
 28618 | D:15     | Found a runed translucent gate.
 28620 | D:15     | Found a runed translucent gate.
 28621 | D:15     | Found a runed translucent gate.
 28623 | D:15     | Noticed Xiestris's ghost (journeyman DsGl)
 28721 | D:15     | 28721 ||| INVOKING Berserk.
 28724 | D:15     | Reached XP level 16. HP: 54/107 MP: 16/16
 29236 | D:15     | 29236 ||| Stepping ~*~*~tactically~*~*~ (hiding).
 29251 | D:15     | Found a staircase to the Depths.
 29253 | D:15     | 29253 ||| INVOKING Berserk.
 29457 | D:15     | 29457 ||| PLANNING ORC
 29619 | Orc:1    | Entered Level 1 of the Orcish Mines
 29641 | Orc:1    | Noticed Gastronok
 29653 | Orc:1    | Killed Gastronok
 29742 | Orc:1    | 29742 ||| Stepping ~*~*~tactically~*~*~ (stealth).
 29750 | Orc:1    | 29750 ||| INVOKING Trog's Hand.
 29751 | Orc:1    | 29751 ||| INVOKING Berserk.
 29875 | Orc:1    | 29875 ||| Stepping ~*~*~tactically~*~*~ (hiding).
 29877 | Orc:1    | 29877 ||| Stepping ~*~*~tactically~*~*~ (hiding).
 29910 | Orc:1    | Noticed Snorg
 29911 | Orc:1    | 29911 ||| Stepping ~*~*~tactically~*~*~ (stealth).
 29925 | Orc:1    | 29925 ||| INVOKING Berserk.
 29928 | Orc:1    | Killed Snorg
 30049 | Orc:2    | Entered Level 2 of the Orcish Mines
 30053 | Orc:2    | 30053 ||| STAIRDANCE
 30059 | Orc:2    | 30059 ||| STAIRDANCE
 30069 | Orc:2    | 30069 ||| STAIRDANCE
 30120 | Orc:2    | 30120 ||| STAIRDANCE
 30125 | Orc:2    | 30125 ||| STAIRDANCE
 30164 | Orc:2    | Found Eskacrar's Weapon Shop.
 30170 | Orc:2    | 30170 ||| Stepping ~*~*~tactically~*~*~ (stealth).
 30173 | Orc:2    | 30173 ||| Stepping ~*~*~tactically~*~*~ (stealth).
 30175 | Orc:2    | 30175 ||| Stepping ~*~*~tactically~*~*~ (hiding).
 30176 | Orc:2    | 30176 ||| Stepping ~*~*~tactically~*~*~ (hiding).
 30185 | Orc:2    | 30185 ||| Stepping ~*~*~tactically~*~*~ (stealth).
 30187 | Orc:2    | 30187 ||| Stepping ~*~*~tactically~*~*~ (hiding).
 30301 | Orc:2    | Found Teores's Armour Emporium.
 30313 | Orc:2    | 30313 ||| Stepping ~*~*~tactically~*~*~ (stealth).
 30314 | Orc:2    | 30314 ||| Stepping ~*~*~tactically~*~*~ (stealth).
 30320 | Orc:2    | 30320 ||| INVOKING Berserk.
 30342 | Orc:2    | 30342 ||| INVOKING Trog's Hand.
 30357 | Orc:2    | HP: 24/105 [orc high priest/divine providence (11)]
 30358 | Orc:2    | 30358 ||| READING 13 scrolls of teleportation.
 30358 | Orc:2    | HP: 4/105 [orc warrior/+0 glaive (9)]
 30359 | Orc:2    | 30359 ||| DRINKING 6 potions of heal wounds.
 30360 | Orc:2    | 30360 ||| DRINKING 5 potions of heal wounds.
 30360 | Orc:2    | Found Wepsahec's Antique Armour Shop.
 30360 | Orc:2    | Found a staircase to the Elven Halls.
 30364 | Orc:2    | 30364 ||| INVOKING Trog's Hand.
 30364 | Orc:2    | HP: 25/105 [orc knight/+0 great sword (7)]
 30365 | Orc:2    | 30365 ||| READING 12 scrolls of teleportation.
 30366 | Orc:2    | 30366 ||| DRINKING 4 potions of heal wounds.
 30367 | Orc:2    | Found Veffaut's Book Emporium.
 30372 | Orc:2    | HP: 6/105 [orc warlord/+0 battleaxe (27)]
 30373 | Orc:2    | 30373 ||| READING 11 scrolls of teleportation.
 30374 | Orc:2    | 30374 ||| DRINKING 3 potions of heal wounds.
 30375 | Orc:2    | 30375 ||| DRINKING 2 potions of heal wounds.
 30379 | Orc:2    | 30379 ||| INVOKING Trog's Hand.
 30385 | Orc:2    | 30385 ||| INVOKING Berserk.
 30385 | Orc:2    | HP: 35/159 [orc warrior/+0 war axe (14)]
 30387 | Orc:2    | Reached skill level 12 in Shields
 30390 | Orc:2    | HP: 35/160 [orc knight/+0 great sword (1)]
 30439 | Orc:2    | 30439 ||| FLEEEEING.
 30440 | Orc:2    | 30440 ||| FLEEEEING.
 30441 | Orc:2    | 30441 ||| FLEEEEING.
 30442 | Orc:2    | 30442 ||| FLEEEEING.
 30443 | Orc:2    | 30443 ||| FLEEEEING.
 30444 | Orc:2    | 30444 ||| FLEEEEING.
 30445 | Orc:2    | 30445 ||| FLEEEEING.
 30446 | Orc:2    | 30446 ||| FLEEEEING.
 30447 | Orc:2    | 30447 ||| FLEEEEING.
 30448 | Orc:2    | 30448 ||| FLEEEEING.
 30449 | Orc:2    | 30449 ||| FLEEEEING.
 30450 | Orc:2    | 30450 ||| FLEEEEING.
 30451 | Orc:2    | 30451 ||| Stepping ~*~*~tactically~*~*~ (stealth).
 30452 | Orc:2    | 30452 ||| FLEEEEING.
 30453 | Orc:2    | 30453 ||| Stepping ~*~*~tactically~*~*~ (hiding).
 30454 | Orc:2    | 30454 ||| FLEEEEING.
 30455 | Orc:2    | 30455 ||| Stepping ~*~*~tactically~*~*~ (hiding).
 30456 | Orc:2    | 30456 ||| INVOKING Berserk.
 30464 | Orc:2    | 30464 ||| Stepping ~*~*~tactically~*~*~ (hiding).
 30465 | Orc:2    | 30465 ||| Stepping ~*~*~tactically~*~*~ (hiding).
 30466 | Orc:2    | 30466 ||| Stepping ~*~*~tactically~*~*~ (hiding).
 30469 | Orc:2    | 30469 ||| INVOKING Trog's Hand.
 30483 | Orc:2    | HP: 24/107 [orc warlord/+0 battleaxe (21)]
 30484 | Orc:2    | 30484 ||| READING 10 scrolls of teleportation.
 30485 | Orc:2    | 30485 ||| DRINKING potion of heal wounds.
 30492 | Orc:2    | 30492 ||| Stepping ~*~*~tactically~*~*~ (stealth).
 30494 | Orc:2    | 30494 ||| Stepping ~*~*~tactically~*~*~ (stealth).
 30509 | Orc:2    | 30509 ||| INVOKING Berserk.
 30556 | Orc:2    | 30556 ||| INVOKING Berserk.
 30780 | Orc:2    | Found Gelaat's General Store.
 30781 | Orc:2    | 30781 ||| Stepping ~*~*~tactically~*~*~ (hiding).
 30892 | Orc:2    | 30892 ||| INVOKING Berserk.
 31017 | Orc:2    | 31017 ||| BUYING potion of might (60 gold).
 31017 | Orc:2    | Bought a potion of might for 60 gold pieces
 31017 | Orc:2    | 31017 ||| BUYING scroll of identify (30 gold).
 31017 | Orc:2    | Bought a scroll of identify for 30 gold pieces
 31038 | Orc:2    | 31038 ||| Stepping ~*~*~tactically~*~*~ (stealth).
 31040 | Orc:2    | 31040 ||| Stepping ~*~*~tactically~*~*~ (hiding).
 31041 | Orc:2    | 31041 ||| Stepping ~*~*~tactically~*~*~ (hiding).
 31043 | Orc:2    | 31043 ||| Stepping ~*~*~tactically~*~*~ (hiding).
 31178 | Orc:2    | 31178 ||| INVOKING Berserk.
 31377 | Orc:2    | Found Mituoffa's Book Boutique.
 31430 | Orc:2    | 31430 ||| Stepping ~*~*~tactically~*~*~ (hiding).
 31450 | Orc:2    | 31450 ||| Stepping ~*~*~tactically~*~*~ (hiding).
 31452 | Orc:2    | 31452 ||| Stepping ~*~*~tactically~*~*~ (hiding).
 31465 | Orc:2    | 31465 ||| INVOKING Trog's Hand.
 31471 | Orc:2    | 31471 ||| INVOKING Berserk.
 31627 | Orc:2    | Found Reannuz's Armour Emporium.
 31636 | Orc:2    | 31636 ||| BUYING +2 chain mail of cold resistance (365
                  | gold).
 31636 | Orc:2    | Bought a +2 chain mail of cold resistance for 365 gold
                  | pieces
 31636 | Orc:2    | 31636 ||| BUYING +2 chain mail of fire resistance (365
                  | gold).
 31636 | Orc:2    | Bought a +2 chain mail of fire resistance for 365 gold
                  | pieces
 31671 | Orc:2    | Found Virchor's Antique Weapon Shop.
 31749 | Orc:2    | 31749 ||| INVOKING Berserk.
 31988 | Orc:2    | 31988 ||| DROPPING +2 scale mail of fire resistance.
 31989 | Orc:2    | 31989 ||| UPGRADING to +2 chain mail of cold resistance.
 32048 | Orc:1    | 32048 ||| Stepping ~*~*~tactically~*~*~ (stealth).
 32420 | Orc:1    | 32420 ||| PLANNING SWAMP:1-3
 32665 | Swamp:1  | Entered Level 1 of the Swamp
 32698 | Swamp:1  | 32698 ||| Stepping ~*~*~tactically~*~*~ (hiding).
 32700 | Swamp:1  | 32700 ||| Stepping ~*~*~tactically~*~*~ (hiding).
 32706 | Swamp:1  | 32706 ||| Stepping ~*~*~tactically~*~*~ (cloud).
 32813 | Swamp:1  | 32813 ||| Stepping ~*~*~tactically~*~*~ (hiding).
 32815 | Swamp:1  | 32815 ||| INVOKING Berserk.
 32954 | Swamp:1  | Identified the amulet "Ugitecu" {RegenMP Rampage rF+++ rC++
                  | Stlth-}
 33088 | Swamp:1  | 33088 ||| Stepping ~*~*~tactically~*~*~ (stealth).
 33089 | Swamp:1  | 33089 ||| Stepping ~*~*~tactically~*~*~ (stealth).
 33094 | Swamp:1  | 33094 ||| Stepping ~*~*~tactically~*~*~ (stealth).
 33110 | Swamp:1  | 33110 ||| INVOKING Berserk.
 33136 | Swamp:1  | 33136 ||| Stepping ~*~*~tactically~*~*~ (stealth).
 33137 | Swamp:1  | 33137 ||| Stepping ~*~*~tactically~*~*~ (stealth).
 33138 | Swamp:1  | 33138 ||| Stepping ~*~*~tactically~*~*~ (hiding).
 33144 | Swamp:1  | 33144 ||| INVOKING Brothers in Arms.
 33147 | Swamp:1  | 33147 ||| INVOKING Berserk.
 33373 | Swamp:1  | 33373 ||| Stepping ~*~*~tactically~*~*~ (hiding).
 33377 | Swamp:1  | 33377 ||| INVOKING Berserk.
 33547 | Swamp:1  | 33547 ||| Stepping ~*~*~tactically~*~*~ (hiding).
 33722 | Swamp:1  | 33722 ||| Stepping ~*~*~tactically~*~*~ (hiding).
 33936 | Swamp:1  | 33936 ||| UPGRADING to amulet "Ugitecu" {RegenMP Rampage
                  | rF+++ rC++ Stlth-}.
 33946 | Swamp:1  | 33946 ||| UPGRADING to +0 plate armour.
 34000 | Swamp:2  | 34000 ||| FLEEEEING.
 34001 | Swamp:2  | 34001 ||| Stepping ~*~*~tactically~*~*~ (stealth).
 34004 | Swamp:2  | 34004 ||| FLEEEEING.
 34005 | Swamp:2  | 34005 ||| STAIRDANCE
 34098 | Swamp:2  | 34098 ||| INVOKING Berserk.
 34110 | Swamp:2  | Reached skill level 18 in Axes
 34180 | Swamp:2  | 34180 ||| Stepping ~*~*~tactically~*~*~ (hiding).
 34181 | Swamp:2  | 34181 ||| Stepping ~*~*~tactically~*~*~ (hiding).
 34182 | Swamp:2  | 34182 ||| Stepping ~*~*~tactically~*~*~ (hiding).
 34183 | Swamp:2  | 34183 ||| Stepping ~*~*~tactically~*~*~ (hiding).
 34302 | Swamp:2  | 34302 ||| Stepping ~*~*~tactically~*~*~ (hiding).
 34350 | Swamp:2  | 34350 ||| INVOKING Berserk.
 34550 | Swamp:2  | 34550 ||| INVOKING Berserk.
 34561 | Swamp:2  | 34561 ||| FLEEEEING.
 34562 | Swamp:2  | 34562 ||| FLEEEEING.
 34563 | Swamp:2  | 34563 ||| FLEEEEING.
 35077 | Swamp:3  | 35077 ||| INVOKING Berserk.
 35333 | Swamp:3  | 35333 ||| FLEEEEING.
 35334 | Swamp:3  | 35334 ||| Stepping ~*~*~tactically~*~*~ (hiding).
 35335 | Swamp:3  | 35335 ||| FLEEEEING.
 35336 | Swamp:3  | 35336 ||| INVOKING Berserk.
 35342 | Swamp:3  | Reached XP level 17. HP: 112/112 MP: 17/17
 35355 | Swamp:3  | Reached skill level 15 in Fighting
 35364 | Swamp:3  | HP: 13/113 [spore (17)]
 35371 | Swamp:3  | 35371 ||| READING 10 scrolls of teleportation.
 35390 | Swamp:3  | 35390 ||| READING 9 scrolls of teleportation.
 35650 | Swamp:3  | 35650 ||| Stepping ~*~*~tactically~*~*~ (stealth).
 36002 | Swamp:3  | 36002 ||| PLANNING SNAKE:1-3
 36002 | Swamp:3  | 36002 ||| DROPPING ring of magical power.
 36003 | Swamp:3  | 36003 ||| DRINKING 2 smoky ruby potions.
 36111 | Snake:1  | Entered Level 1 of the Snake Pit
 36120 | Snake:1  | 36120 ||| Stepping ~*~*~tactically~*~*~ (hiding).
 36122 | Snake:1  | 36122 ||| Stepping ~*~*~tactically~*~*~ (stealth).
 36173 | Snake:1  | 36173 ||| Stepping ~*~*~tactically~*~*~ (hiding).
 36189 | Snake:1  | 36189 ||| INVOKING Berserk.
 36473 | Snake:1  | 36473 ||| INVOKING Berserk.
 36693 | Snake:1  | 36693 ||| Stepping ~*~*~tactically~*~*~ (stealth).
 36695 | Snake:1  | 36695 ||| Stepping ~*~*~tactically~*~*~ (hiding).
 36701 | Snake:1  | 36701 ||| Stepping ~*~*~tactically~*~*~ (hiding).
 36702 | Snake:1  | 36702 ||| Stepping ~*~*~tactically~*~*~ (stealth).
 36703 | Snake:1  | 36703 ||| Stepping ~*~*~tactically~*~*~ (hiding).
 36717 | Snake:1  | 36717 ||| INVOKING Berserk.
 36990 | Snake:1  | 36990 ||| Stepping ~*~*~tactically~*~*~ (hiding).
 37275 | Snake:1  | 37275 ||| Stepping ~*~*~tactically~*~*~ (hiding).
 37352 | Snake:1  | Reached skill level 15 in Shields
 37659 | Snake:1  | 37659 ||| INVOKING Berserk.
 37809 | Snake:1  | 37809 ||| UPGRADING to +1 cloak of willpower.
 37819 | Snake:1  | 37819 ||| DROPPING +4 ring of evasion.
 37820 | Snake:1  | 37820 ||| READING scroll labelled HEORUB WIGAALO.
 37820 | Snake:1  | Identified a scroll of acquirement
 37820 | Snake:1  | 37820 ||| ACQUIRING +5 broad axe of Moch {drain, rCorr
                  | Int-5 Dex+2}
 37820 | Snake:1  | Acquired the +5 broad axe of Moch {drain, rCorr Int-5
                  | Dex+2}
 37849 | Snake:2  | 37849 ||| STAIRDANCE
 37869 | Snake:2  | 37869 ||| Stepping ~*~*~tactically~*~*~ (hiding).
 37871 | Snake:2  | 37871 ||| Stepping ~*~*~tactically~*~*~ (hiding).
 37906 | Snake:2  | 37906 ||| INVOKING Berserk.
 37919 | Snake:2  | 37919 ||| Stepping ~*~*~tactically~*~*~ (hiding).
 37924 | Snake:2  | 37924 ||| INVOKING Brothers in Arms.
 37925 | Snake:2  | 37925 ||| INVOKING Brothers in Arms.
 37926 | Snake:2  | 37926 ||| INVOKING Brothers in Arms.
 37935 | Snake:2  | 37935 ||| INVOKING Brothers in Arms.
 38051 | Snake:2  | 38051 ||| FLEEEEING.
 38242 | Snake:2  | 38242 ||| Stepping ~*~*~tactically~*~*~ (hiding).
 38248 | Snake:2  | Noticed Azrael
 38268 | Snake:2  | Killed Azrael
 38270 | Snake:2  | 38270 ||| FLEEEEING.
 38271 | Snake:2  | 38271 ||| FLEEEEING.
 38272 | Snake:2  | 38272 ||| FLEEEEING.
 38273 | Snake:2  | 38273 ||| FLEEEEING.
 38274 | Snake:2  | 38274 ||| FLEEEEING.
 38275 | Snake:2  | 38275 ||| FLEEEEING.
 38276 | Snake:2  | 38276 ||| FLEEEEING.
 38277 | Snake:2  | 38277 ||| STAIRDANCE
 39174 | Snake:3  | 39174 ||| INVOKING Berserk.
 39302 | Snake:3  | 39302 ||| INVOKING Berserk.
 39306 | Snake:3  | Reached skill level 15 in Armour
 39312 | Snake:3  | Received a gift from Trog
 39313 | Snake:3  | Reached XP level 18. HP: 120/120 MP: 18/18
 39365 | Snake:3  | 39365 ||| DROPPING +0 morningstar.
 39407 | Snake:3  | 39407 ||| INVOKING Berserk.
 39573 | Snake:3  | Found Sasaam's Superlative Supplies.
 39585 | Snake:3  | 39585 ||| READING scroll of enchant weapon.
 39585 | Snake:3  | 39585 ||| ENCHANTING +5 vorpal broad axe.
 39750 | Snake:3  | Found Zomydd's Weapon Shoppe.
 39890 | Snake:3  | Found Kitusm's Book Boutique.
 39890 | Snake:3  | Found Xeumit's Jewellery Shoppe.
 39891 | Snake:3  | Found Lang's Jewellery Shoppe.
 39897 | Snake:3  | 39897 ||| BUYING amulet of Horeel {Acrobat Harm Fly Int+4
                  | SInv} (827 gold).
 39897 | Snake:3  | Bought the amulet of Horeel {Acrobat Harm Fly Int+4 SInv}
                  | for 827 gold pieces
 39897 | Snake:3  | 39897 ||| BUYING amulet of reflection (480 gold).
 39897 | Snake:3  | Bought an amulet of reflection for 480 gold pieces
 40224 | Snake:3  | 40224 ||| DROPPING amulet of the acrobat.
 40259 | Snake:2  | 40259 ||| Stepping ~*~*~tactically~*~*~ (hiding).
 40391 | Snake:2  | 40391 ||| Stepping ~*~*~tactically~*~*~ (stealth).
 40429 | Snake:2  | Reached skill level 6 in Throwing
 40561 | Snake:2  | Identified the +1 plate armour of Servitude {Dex+3}
 40568 | Snake:2  | 40568 ||| PLANNING SWAMP:4
 40568 | Snake:2  | 40568 ||| UPGRADING to +1 plate armour of Servitude
                  | {Dex+3}.
 40578 | Snake:2  | 40578 ||| DROPPING +0 plate armour.
 40579 | Snake:2  | 40579 ||| DROPPING +2 chain mail of cold resistance.
 40711 | Swamp:4  | Entered Level 4 of the Swamp
 40714 | Swamp:4  | 40714 ||| STAIRDANCE
 40773 | Swamp:4  | 40773 ||| STAIRDANCE
 40836 | Swamp:4  | 40836 ||| INVOKING Berserk.
 40850 | Swamp:4  | 40850 ||| FLEEEEING.
 40851 | Swamp:4  | 40851 ||| FLEEEEING.
 40852 | Swamp:4  | 40852 ||| FLEEEEING.
 40853 | Swamp:4  | 40853 ||| FLEEEEING.
 40854 | Swamp:4  | 40854 ||| FLEEEEING.
 40855 | Swamp:4  | 40855 ||| FLEEEEING.
 40856 | Swamp:4  | 40856 ||| FLEEEEING.
 40857 | Swamp:4  | 40857 ||| FLEEEEING.
 40858 | Swamp:4  | 40858 ||| STAIRDANCE
 40966 | Swamp:4  | 40966 ||| Stepping ~*~*~tactically~*~*~ (hiding).
 40967 | Swamp:4  | 40967 ||| Stepping ~*~*~tactically~*~*~ (hiding).
 40969 | Swamp:4  | 40969 ||| INVOKING Berserk.
 40996 | Swamp:4  | 40996 ||| FLEEEEING.
 40997 | Swamp:4  | 40997 ||| FLEEEEING.
 40998 | Swamp:4  | 40998 ||| STAIRDANCE
 41102 | Swamp:4  | 41102 ||| STAIRDANCE
 41234 | Swamp:4  | 41234 ||| INVOKING Berserk.
 41313 | Swamp:4  | 41313 ||| Stepping ~*~*~tactically~*~*~ (stealth).
 41320 | Swamp:4  | 41320 ||| Stepping ~*~*~tactically~*~*~ (stealth).
 41405 | Swamp:4  | 41405 ||| Stepping ~*~*~tactically~*~*~ (stealth).
 41442 | Swamp:4  | 41442 ||| Stepping ~*~*~tactically~*~*~ (hiding).
 41445 | Swamp:4  | 41445 ||| INVOKING Berserk.
 41454 | Swamp:4  | 41454 ||| FLEEEEING.
 41465 | Swamp:4  | 41465 ||| FLEEEEING.
 41466 | Swamp:4  | 41466 ||| FLEEEEING.
 41467 | Swamp:4  | 41467 ||| FLEEEEING.
 41468 | Swamp:4  | 41468 ||| FLEEEEING.
 41469 | Swamp:4  | 41469 ||| FLEEEEING.
 41470 | Swamp:4  | 41470 ||| STAIRDANCE
 41574 | Swamp:4  | 41574 ||| STAIRDANCE
 41669 | Swamp:4  | 41669 ||| STAIRDANCE
 41759 | Swamp:4  | 41759 ||| FLEEEEING.
 41764 | Swamp:4  | 41764 ||| STAIRDANCE
 41827 | Swamp:4  | 41827 ||| READING scroll of enchant armour.
 41827 | Swamp:4  | 41827 ||| ENCHANTING +0 pair of boots.
 41936 | Swamp:4  | Noticed Mara
 41939 | Swamp:4  | 41939 ||| INVOKING Brothers in Arms.
 41942 | Swamp:4  | 41942 ||| INVOKING Berserk.
 41947 | Swamp:4  | Killed Mara
 41948 | Swamp:4  | Reached skill level 9 in Dodging
 42093 | Swamp:4  | 42093 ||| Stepping ~*~*~tactically~*~*~ (stealth).
 42095 | Swamp:4  | 42095 ||| Stepping ~*~*~tactically~*~*~ (hiding).
 42098 | Swamp:4  | 42098 ||| Stepping ~*~*~tactically~*~*~ (hiding).
 42143 | Swamp:4  | 42143 ||| Stepping ~*~*~tactically~*~*~ (stealth).
 42184 | Swamp:4  | 42184 ||| INVOKING Berserk.
 42193 | Swamp:4  | 42193 ||| INVOKING Brothers in Arms.
 42251 | Swamp:4  | 42251 ||| FLEEEEING.
 42252 | Swamp:4  | 42252 ||| FLEEEEING.
 42447 | Swamp:4  | 42447 ||| Stepping ~*~*~tactically~*~*~ (stealth).
 42490 | Swamp:4  | 42490 ||| PLANNING SWAMP:1-3
 42503 | Swamp:3  | 42503 ||| PLANNING SWAMP:4
 42505 | Swamp:4  | 42505 ||| PLANNING SWAMP:1-3
 42505 | Swamp:4  | 42505 ||| READING 9 scrolls of teleportation.
 42506 | Swamp:4  | 42506 ||| STAIRDANCE
 42508 | Swamp:3  | 42508 ||| PLANNING SWAMP:4
 42558 | Swamp:4  | 42558 ||| Stepping ~*~*~tactically~*~*~ (cloud).
 42562 | Swamp:4  | 42562 ||| PLANNING SWAMP:1-3
 42575 | Swamp:3  | 42575 ||| PLANNING SWAMP:4
 42577 | Swamp:4  | 42577 ||| PLANNING SWAMP:1-3
 42577 | Swamp:4  | 42577 ||| READING 8 scrolls of teleportation.
 42578 | Swamp:4  | 42578 ||| STAIRDANCE
 42582 | Swamp:3  | 42582 ||| PLANNING SWAMP:4
 42614 | Swamp:4  | 42614 ||| PLANNING SWAMP:1-3
 42628 | Swamp:3  | 42628 ||| PLANNING SWAMP:4
 42639 | Swamp:4  | 42639 ||| PLANNING SWAMP:1-3
 42639 | Swamp:4  | 42639 ||| READING 7 scrolls of teleportation.
 42640 | Swamp:4  | 42640 ||| STAIRDANCE
 42642 | Swamp:3  | 42642 ||| PLANNING SWAMP:4
 42680 | Swamp:4  | 42680 ||| PLANNING SWAMP:1-3
 42690 | Swamp:3  | 42690 ||| PLANNING SWAMP:4
 42692 | Swamp:4  | 42692 ||| PLANNING SWAMP:1-3
 42692 | Swamp:4  | 42692 ||| READING 6 scrolls of teleportation.
 42693 | Swamp:4  | 42693 ||| STAIRDANCE
 42695 | Swamp:3  | 42695 ||| PLANNING SWAMP:4
 42748 | Swamp:4  | 42748 ||| PLANNING SWAMP:1-3
 42762 | Swamp:3  | 42762 ||| PLANNING SWAMP:4
 42764 | Swamp:4  | 42764 ||| PLANNING SWAMP:1-3
 42764 | Swamp:4  | 42764 ||| READING 5 scrolls of teleportation.
 42765 | Swamp:4  | 42765 ||| STAIRDANCE
 42768 | Swamp:3  | 42768 ||| PLANNING SWAMP:4
 42786 | Swamp:4  | 42786 ||| PLANNING SWAMP:1-3
 42796 | Swamp:3  | 42796 ||| PLANNING SWAMP:4
 42798 | Swamp:4  | 42798 ||| PLANNING SWAMP:1-3
 42798 | Swamp:4  | 42798 ||| READING 4 scrolls of teleportation.
 42799 | Swamp:4  | 42799 ||| STAIRDANCE
 42802 | Swamp:3  | 42802 ||| PLANNING SWAMP:4
 42891 | Swamp:4  | 42891 ||| PLANNING SWAMP:1-3
 42901 | Swamp:3  | 42901 ||| PLANNING SWAMP:4
 42903 | Swamp:4  | 42903 ||| PLANNING SWAMP:1-3
 42903 | Swamp:4  | 42903 ||| READING 3 scrolls of teleportation.
 42904 | Swamp:4  | 42904 ||| STAIRDANCE
 42906 | Swamp:3  | 42906 ||| PLANNING SWAMP:4
 42946 | Swamp:4  | 42946 ||| PLANNING SWAMP:1-3
 42961 | Swamp:3  | 42961 ||| PLANNING SWAMP:4
 42963 | Swamp:4  | 42963 ||| PLANNING SWAMP:1-3
 42963 | Swamp:4  | 42963 ||| READING 2 scrolls of teleportation.
 42964 | Swamp:4  | 42964 ||| STAIRDANCE
 42966 | Swamp:3  | 42966 ||| PLANNING SWAMP:4
 42990 | Swamp:4  | 42990 ||| PLANNING SWAMP:1-3
 42999 | Swamp:3  | 42999 ||| PLANNING SWAMP:4
 43001 | Swamp:4  | 43001 ||| PLANNING SWAMP:1-3
 43001 | Swamp:4  | 43001 ||| READING scroll of teleportation.
 43002 | Swamp:4  | 43002 ||| STAIRDANCE
 43006 | Swamp:3  | 43006 ||| PLANNING SWAMP:4
 43025 | Swamp:4  | 43025 ||| PLANNING SWAMP:1-3
 43036 | Swamp:3  | 43036 ||| PLANNING SWAMP:4
 43038 | Swamp:4  | 43038 ||| PLANNING SWAMP:1-3
 43038 | Swamp:4  | 43038 ||| Stepping randomly (stuck).
 43042 | Swamp:3  | 43042 ||| PLANNING SWAMP:4
 43050 | Swamp:4  | 43050 ||| PLANNING SWAMP:1-3
 43060 | Swamp:3  | 43060 ||| PLANNING SWAMP:4
 43062 | Swamp:4  | 43062 ||| PLANNING SWAMP:1-3
 43062 | Swamp:4  | 43062 ||| Stepping randomly (stuck).
 43066 | Swamp:3  | 43066 ||| PLANNING SWAMP:4
 43074 | Swamp:4  | 43074 ||| PLANNING SWAMP:1-3
 43084 | Swamp:3  | 43084 ||| PLANNING SWAMP:4
 43086 | Swamp:4  | 43086 ||| PLANNING SWAMP:1-3
 43086 | Swamp:4  | 43086 ||| Stepping randomly (stuck).
 43090 | Swamp:3  | 43090 ||| PLANNING SWAMP:4
 43098 | Swamp:4  | 43098 ||| PLANNING SWAMP:1-3
 43108 | Swamp:3  | 43108 ||| PLANNING SWAMP:4
 43110 | Swamp:4  | 43110 ||| PLANNING SWAMP:1-3
 43110 | Swamp:4  | 43110 ||| Stepping randomly (stuck).
 43114 | Swamp:3  | 43114 ||| PLANNING SWAMP:4
 43122 | Swamp:4  | 43122 ||| PLANNING SWAMP:1-3
 43132 | Swamp:3  | 43132 ||| PLANNING SWAMP:4
 43134 | Swamp:4  | 43134 ||| PLANNING SWAMP:1-3
 43134 | Swamp:4  | 43134 ||| Stepping randomly (stuck).
 43138 | Swamp:3  | 43138 ||| PLANNING SWAMP:4
 43146 | Swamp:4  | 43146 ||| PLANNING SWAMP:1-3
 43156 | Swamp:3  | 43156 ||| PLANNING SWAMP:4
 43158 | Swamp:4  | 43158 ||| PLANNING SWAMP:1-3
 43158 | Swamp:4  | 43158 ||| Stepping randomly (stuck).
 43162 | Swamp:3  | 43162 ||| PLANNING SWAMP:4
 43173 | Swamp:4  | 43173 ||| PLANNING SWAMP:1-3
 43186 | Swamp:3  | 43186 ||| PLANNING SWAMP:4
 43188 | Swamp:4  | 43188 ||| PLANNING SWAMP:1-3
 43188 | Swamp:4  | 43188 ||| Stepping randomly (stuck).
 43192 | Swamp:3  | 43192 ||| PLANNING SWAMP:4
 43206 | Swamp:4  | 43206 ||| PLANNING SWAMP:1-3
 43222 | Swamp:3  | 43222 ||| PLANNING SWAMP:4
 43224 | Swamp:4  | 43224 ||| PLANNING SWAMP:1-3
 43224 | Swamp:4  | 43224 ||| Stepping randomly (stuck).
 43228 | Swamp:3  | 43228 ||| PLANNING SWAMP:4
 43243 | Swamp:4  | 43243 ||| PLANNING SWAMP:1-3
 43258 | Swamp:3  | 43258 ||| PLANNING SWAMP:4
 43260 | Swamp:4  | 43260 ||| PLANNING SWAMP:1-3
 43260 | Swamp:4  | 43260 ||| Stepping randomly (stuck).
 43264 | Swamp:3  | 43264 ||| PLANNING SWAMP:4
 43272 | Swamp:4  | 43272 ||| PLANNING SWAMP:1-3
 43272 | Swamp:4  | 43272 ||| Stepping randomly (stuck).
 43280 | Swamp:3  | 43280 ||| PLANNING SWAMP:4
 43291 | Swamp:4  | 43291 ||| PLANNING SWAMP:1-3
 43304 | Swamp:3  | 43304 ||| PLANNING SWAMP:4
 43306 | Swamp:4  | 43306 ||| PLANNING SWAMP:1-3
 43306 | Swamp:4  | 43306 ||| Stepping randomly (stuck).
 43310 | Swamp:3  | 43310 ||| PLANNING SWAMP:4
 43318 | Swamp:4  | 43318 ||| PLANNING SWAMP:1-3
 43328 | Swamp:3  | 43328 ||| PLANNING SWAMP:4
 43330 | Swamp:4  | 43330 ||| PLANNING SWAMP:1-3
 43330 | Swamp:4  | 43330 ||| Stepping randomly (stuck).
 43334 | Swamp:3  | 43334 ||| PLANNING SWAMP:4
 43345 | Swamp:4  | 43345 ||| PLANNING SWAMP:1-3
 43345 | Swamp:4  | 43345 ||| Stepping randomly (stuck).
 43353 | Swamp:3  | 43353 ||| PLANNING SWAMP:4
 43361 | Swamp:4  | 43361 ||| PLANNING SWAMP:1-3
 43371 | Swamp:3  | 43371 ||| PLANNING SWAMP:4
 43373 | Swamp:4  | 43373 ||| PLANNING SWAMP:1-3
 43373 | Swamp:4  | 43373 ||| Stepping randomly (stuck).
 43377 | Swamp:3  | 43377 ||| PLANNING SWAMP:4
 43389 | Swamp:4  | 43389 ||| PLANNING SWAMP:1-3
 43403 | Swamp:3  | 43403 ||| PLANNING SWAMP:4
 43405 | Swamp:4  | 43405 ||| PLANNING SWAMP:1-3
 43405 | Swamp:4  | 43405 ||| Stepping randomly (stuck).
 43416 | Swamp:3  | 43416 ||| PLANNING SWAMP:4
 43432 | Swamp:4  | 43432 ||| PLANNING SWAMP:1-3
 43448 | Swamp:3  | 43448 ||| PLANNING SWAMP:4
 43450 | Swamp:4  | 43450 ||| PLANNING SWAMP:1-3
 43450 | Swamp:4  | 43450 ||| Stepping randomly (stuck).
 43454 | Swamp:3  | 43454 ||| PLANNING SWAMP:4
 43464 | Swamp:4  | 43464 ||| PLANNING SWAMP:1-3
 43476 | Swamp:3  | 43476 ||| PLANNING SWAMP:4
 43478 | Swamp:4  | 43478 ||| PLANNING SWAMP:1-3
 43478 | Swamp:4  | 43478 ||| Stepping randomly (stuck).
 43482 | Swamp:3  | 43482 ||| PLANNING SWAMP:4
 43498 | Swamp:4  | 43498 ||| Stepping randomly (Swamp:4).
 43499 | Swamp:4  | 43499 ||| Stepping ~*~*~tactically~*~*~ (cloud).
 43500 | Swamp:4  | 43500 ||| Stepping randomly (Swamp:4).
 43501 | Swamp:4  | 43501 ||| Stepping ~*~*~tactically~*~*~ (cloud).
 43707 | Swamp:4  | HP: 30/123 [something (1)]
 43715 | Swamp:4  | HP: 20/123 [something (3)]
 43721 | Swamp:4  | HP: 12/123 [something (5)]
 43726 | Swamp:4  | HP: 13/123 [something (1)]
 43731 | Swamp:4  | HP: 7/123 [something (4)]
 43741 | Swamp:4  | HP: 2/123 [something (4)]
 43742 | Swamp:4  | Engulfed by a cloud of freezing vapour

Levels and vault maps discovered:
D:1:      onia_arrival_mini_maze, layout_rooms, shapermc_ecumenical_altar_venn,
          minmay_ruptured
D:2:      layout_rooms, hangedman_decor_diamond_cutter, serial_bayou_lagoon_a,
          supply_closet_lemuel
D:3:      layout_loops_cross, mainiacjoe_overflow_concentric_impassable
D:4:      layout_basic, minmay_temple_entry_gardened_gates, uniq_edmund
D:5:      layout_basic, nicolae_dithmenos_the_darkroom, dk_rats_in_the_wall,
          uniq_blork_the_orc, uniq_sigmund
D:6:      layout_basic, gammafunk_temple_overflow_arena, zin_treasury,
          grunt_qazlal_clouds
D:7:      minmay_the_grid_triangle_9x9_rhombus_thin
          [minmay_the_grid_triangle_9x9_corruption,
          minmay_the_grid_triangle_9x9_prize_top_heavy,
          minmay_the_grid_triangle_9x9_warning,
          minmay_the_grid_triangle_9x9_empty], layout_gridville, serial_shops,
          shop, kennysheep_windowed_goal, uniq_joseph, uniq_duvessa
D:8:      layout_loops_cross, minivault_23, uniq_grum
D:9:      layout_long_grid, gammafunk_ghost_stat_death, st_stairs_3,
          nicolae_hexahallways
D:10:     layout_roguey, grunt_temple_overflow_magic_moments,
          nicolae_overflow_squiral, erik_lair_dragon, hiddenorc1_lemuel
D:11:     layout_stronghold, serial_undead, serial_undead_d, serial_undead_c,
          serial_undead_f, serial_undead_c, minmay_joined_circles
D:12:     layout_cave_pods
D:13:     layout_basic, serial_shops, shop, nicolae_shop_advertising_works
          [nicolae_subvault_shop_adworks], uniq_lodul, uniq_erolcha
D:14:     dreamdust_dug_too_deep, layout_loops_ring, david_vaults_5,
          abandoned_shop, hangedman_decor_growths, small_chamber_with_monster
D:15:     grunt_enter_depths_snipers, layout_stronghold, vehumet_crystals,
          ebering_ghost_rock_garden
Lair:1:   lemuel_reptile_caves, layout_loops_ring,
          chequers_serial_rivers_small_b, minmay_shattered_shrine
Lair:2:   layout_roguey, skrybe_swamp_entry_bodies, grunt_megastairs_4,
          serial_bayou_shore_b
Lair:3:   layout_cave_pods, minmay_snake_entry_guardpost_medium, basic_altar,
          chequers_serial_rivers_micro_d, beast_lair_carwin_8,
          infiniplex_staircase_pool, serial_bayou_shore_b
Lair:4:   layout_misc_corridors, eino_small_chamber_without_monster
Lair:5:   hellmonk_lair_end_abyssal_woods, layout_gridlike, slime_entry_1,
          nicolae_quartered_pool_medium, grunt_megastairs_2,
          infiniplex_staircase_pool_2
Swamp:1:  layout_basic_swamp, evilmike_swamp_ruin_rubble_2
Swamp:2:  layout_basic_swamp, evilmike_swamp_ruin_house_5
Swamp:3:  layout_basic_swamp, nicolae_swamp_dense_foliage
Swamp:4:  swamp_icy, layout_basic_swamp, uniq_mara
Snake:1:  layout_rooms, hangedman_snake_sidewinding
Snake:2:  nicolae_snake_attic_fulla_snakes, layout_cave_pods, special_room,
          nicolae_snake_guarding_the_ruins, uniq_azrael
Snake:3:  layout_cave_town, serial_shops, nicolae_shop_bloodbath_and_beyond,
          nicolae_alphabet_shops, grunt_ministairs_14,
          nicolae_snake_magic_snake_eye, minmay_shop_grove
Orc:1:    layout_diamond_mine, uniq_gastronok, uniq_snorg
Orc:2:    grunt_orc_gardens, layout_caves, grunt_orc_garden, grunt_orc_garden,
          grunt_orc_garden, grunt_orc_garden, serial_shops,
          nicolae_shop_hallway_plus, nicolae_lakefront_shop,
          nicolae_shop_window_shopping, nicolae_square_shop

Skill      XL: |  1  2  3  4  5  6  7  8  9 10 11 12 13 14 15 16 17 18 |
---------------+-------------------------------------------------------+-----
Axes           | 3 4 5 7 8 10 11 12 14 15 16 17 18 | 18.0
Armour         | 3 4 5 6 8 9 10 12 13 15 | 15.1
Fighting       | 4 6 8 9 10 11 12 13 14 16 17 | 17.0
Throwing       | 1 2 3 5 6 |  6.0
Dodging        | 2 3 4 5 6 7 9 |  9.2
Shields        | 6 7 9 10 14 15 | 15.6

Action                   |  1- 3 |  4- 6 |  7- 9 | 10-12 | 13-15 | 16-18 || total
-------------------------+-------+-------+-------+-------+-------+-------++-------
Melee: Hand axe          |    58 |   104 |   246 |   167 |       |       ||   575
       Headbutt          |       |    10 |    54 |   133 |   287 |   253 ||   737
       Punch             |       |       |     1 |     2 |       |       ||     3
       Flail             |       |       |       |     8 |       |       ||     8
       War axe           |       |       |       |   384 |   885 |       ||  1269
       Morningstar       |       |       |       |     6 |    14 |       ||    20
       Broad axe         |       |       |       |       |   233 |  1083 ||  1316
Throw: Boomerang         |    14 |    49 |    58 |    62 |   230 |   112 ||   525
       Javelin           |     5 |       |       |       |       |       ||     5
Invok: Berserk           |     2 |     4 |    15 |    18 |    21 |    35 ||    95
       Brothers in Arms  |       |       |       |     2 |     8 |     5 ||    15
       Trog's Hand       |       |       |       |       |     3 |     6 ||     9
  Use: Scroll            |     2 |     8 |     9 |     6 |     8 |    18 ||    51
       Potion            |       |     2 |       |     1 |     2 |     7 ||    12
 Stab: Distracted        |       |       |       |       |       |     1 ||     1
Armor: Animal skin       |    14 |    14 |       |       |       |       ||    28
       Plate armour      |       |    71 |   131 |   302 |   581 |   638 ||  1723
       Chain mail        |       |       |       |       |       |    49 ||    49
Dodge: Dodged            |    34 |    42 |    69 |   192 |   447 |   369 ||  1153
Block: Buckler           |       |       |       |   119 |   315 |       ||   434
       Kite shield       |       |       |       |       |    19 |   655 ||   674

Table legend:
 A = Non-vault XP
 B = Vault XP
 C = Vault XP percentage of total XP
 D = Non-vault monster count
 E = Vault monster count
 F = Vault count percentage of total count
                 A         B        C        D         E       F
            +---------+---------+-------+---------+---------+-------
      Total |  179682 |  120936 |  40.2 |     681 |     349 |  33.9
            +---------+---------+-------+---------+---------+-------
        D:1 |      27 |       3 |  10.0 |      14 |       2 |  12.5
        D:2 |      97 |       0 |   0.0 |      24 |       0 |   0.0
        D:3 |     159 |       0 |   0.0 |      12 |       0 |   0.0
        D:4 |     659 |     171 |  20.6 |      32 |       1 |   3.0
        D:5 |    1412 |     407 |  22.4 |      13 |      23 |  63.9
        D:6 |     610 |       0 |   0.0 |      18 |       0 |   0.0
        D:7 |     887 |    6161 |  87.4 |      19 |      16 |  45.7
        D:8 |    1455 |     666 |  31.4 |      36 |       5 |  12.2
        D:9 |    1107 |     401 |  26.6 |      12 |       7 |  36.8
       D:10 |    2913 |    1787 |  38.0 |      25 |      20 |  44.4
       D:11 |    4241 |    9390 |  68.9 |      15 |      26 |  63.4
       D:12 |    4967 |       0 |   0.0 |      11 |       0 |   0.0
       D:13 |    8504 |    2316 |  21.4 |      26 |       8 |  23.5
       D:14 |    5587 |    4113 |  42.4 |      15 |       7 |  31.8
       D:15 |    7906 |    2705 |  25.5 |      14 |       3 |  17.6
     Lair:1 |   11155 |    6694 |  37.5 |      39 |      39 |  50.0
     Lair:2 |    5805 |    2244 |  27.9 |      30 |       3 |   9.1
     Lair:3 |    8729 |    1872 |  17.7 |      29 |      12 |  29.3
     Lair:4 |    8734 |       0 |   0.0 |      31 |       0 |   0.0
     Lair:5 |    7424 |   12487 |  62.7 |      26 |      40 |  60.6
    Swamp:1 |    9775 |       0 |   0.0 |      23 |       0 |   0.0
    Swamp:2 |   13073 |       0 |   0.0 |      24 |       0 |   0.0
    Swamp:3 |   16013 |       0 |   0.0 |      23 |       0 |   0.0
    Swamp:4 |    9472 |   11451 |  54.7 |      18 |      28 |  60.9
    Snake:1 |   18493 |   13442 |  42.1 |      33 |      21 |  38.9
    Snake:2 |    9289 |   17812 |  65.7 |      21 |      34 |  61.8
    Snake:3 |   13818 |   14748 |  51.6 |      25 |      25 |  50.0
      Orc:1 |    3370 |    2372 |  41.3 |      34 |       2 |   5.6
      Orc:2 |    4001 |    9694 |  70.8 |      39 |      27 |  40.9
            +---------+---------+-------+---------+---------+-------
